Workbook
Name \a: #REF!
Name \b: #REF!
Name \eliminar: [1]RESUM96!#REF!
Name \eliminar1: [1]RESUM96!#REF!
Name \q: #REF!
Name ______________________________AFC3: [2]INV!$F$25:$I$28
Name ______________________________AFC5: [2]INV!$K$25:$N$28
Name ______________________________BGC1: [2]INV!$A$5:$D$8
Name ______________________________BGC3: [2]INV!$F$5:$I$8
Name ______________________________BGC5: [2]INV!$K$5:$N$8
Name ______________________________CAC1: [2]INV!$A$19:$D$22
Name ______________________________CAC3: [2]INV!$F$19:$I$22
Name ______________________________CAC5: [2]INV!$K$19:$N$22
Name ______________________________rc: #REF!
Name ______________________________SBC1: [2]INV!$A$12:$D$15
Name ______________________________SBC3: [2]INV!$F$12:$I$15
Name ______________________________SBC5: [2]INV!$K$12:$N$15
Name _____________________________AFC1: [2]INV!$A$25:$D$28
Name _____________________________AFC3: [2]INV!$F$25:$I$28
Name _____________________________AFC5: [2]INV!$K$25:$N$28
Name _____________________________BGC1: [2]INV!$A$5:$D$8
Name _____________________________BGC3: [2]INV!$F$5:$I$8
Name _____________________________BGC5: [2]INV!$K$5:$N$8
Name _____________________________CAC1: [2]INV!$A$19:$D$22
Name _____________________________CAC3: [2]INV!$F$19:$I$22
Name _____________________________CAC5: [2]INV!$K$19:$N$22
Name _____________________________rc: #REF!
Name _____________________________rc: #REF!
Name _____________________________rc: #REF!
Name _____________________________rc: #REF!
Name _____________________________rc: #REF!
Name _____________________________rc: #REF!
Name _____________________________rc: #REF!
Name _____________________________rc: #REF!
Name _____________________________rc: #REF!
Name _____________________________rc: #REF!
Name _____________________________rc: #REF!
Name _____________________________rc: #REF!
Name _____________________________rc: #REF!
Name _____________________________rc: #REF!
Name _____________________________rc: #REF!
Name _____________________________rc: #REF!
Name _____________________________rc: #REF!
Name _____________________________SBC1: [2]INV!$A$12:$D$15
Name _____________________________SBC3: [2]INV!$F$12:$I$15
Name _____________________________SBC5: [2]INV!$K$12:$N$15
Name ____________________________AFC1: [2]INV!$A$25:$D$28
Name ____________________________AFC3: [2]INV!$F$25:$I$28
Name ____________________________AFC5: [2]INV!$K$25:$N$28
Name ____________________________BGC1: [2]INV!$A$5:$D$8
Name ____________________________BGC3: [2]INV!$F$5:$I$8
Name ____________________________BGC5: [2]INV!$K$5:$N$8
Name ____________________________CAC1: [2]INV!$A$19:$D$22
Name ____________________________CAC3: [2]INV!$F$19:$I$22
Name ____________________________CAC5: [2]INV!$K$19:$N$22
Name ____________________________rc: #REF!
Name ____________________________rc: #REF!
Name ____________________________rc: #REF!
Name ____________________________rc: #REF!
Name ____________________________rc: #REF!

Sheet Hoja1
A1: 38000000 | B1: 1
A2: 19520000 | B2: =+A2*B1/A1 -> 0.51368421
A3: 18377000 | B3: =+A3*B1/A1 -> 0.48360526
B4: =+B2+B3 -> 0.99728947
A7: =2154056103+787610706 -> 2941666809 | B7: 1
A9: 479333765 | B9: =+A9*B7/A7 -> 0.16294631
A10: 696790082 | B10: =+A10*B7/A7 -> 0.23686914
A11: 286694257 | B11: =+A11*B7/A7 -> 0.097459799
A12: 861643022 | B12: =+A12*B7/A7 -> 0.2929098

Sheet Cotización
A1: PRESUPUESTO ADECUACIÓN TERMALES
A2: TIPO DE OBRA: | B2: MEJORAMIENTO Y/O ADECUACIÓN TERMALES-TABIO
A3: OBJETO: | B3: MEJORAMIENTO Y/O ADECUACIÓN DE COCINA, AREAS SOCIALES , BAÑOS Y DUCHAS Y TUBERÍA DE TURCOS
A5: ÍTEM | C5: DESCRIPCIÓN | D5: UNIDAD | E5: VALOR UNITARIO | F5: CANTIDAD | G5: VALOR TOTAL
A6: CONSTRUCCIÓN
A7: 1 | C7: PRELIMINARES
A8: 1.1 | C8: CAMPAMENTO 18 M2 | D8: UN | E8: 2893745 | G8: 2880450
A9: 1.2 | C9: CAMPAMENTO 9 M2 | D9: UN | E9: 1695673 | G9: 1689026
A10: 1.3 | C10: CERCA EN ALAMBRE DE PUA 4 HILOS | D10: ML | E10: 23037 | G10: 23037
A11: 1.4 | C11: CERCA EN ALAMBRE DE PUA 5 HILOS | D11: ML | E11: 25876 | G11: 25876
A12: 1.5 | C12: CERCA EN ALAMBRE DE PUA 6 HILOS | D12: ML | E12: 30132 | G12: 30132
A13: 1.6 | C13: CERCA EN TABLA H=2.30 M | D13: ML | E13: 92528 | G13: 92528
A14: 1.7 | C14: CERCA EN TEJA DE ZINC H=1.80 M | D14: ML | E14: 64671 | G14: 64525
A15: 1.8 | C15: CERCA EN TELA VERDE H = 2.10 M | D15: ML | E15: 30607 | G15: 30461
A16: 1.9 | C16: DEMOLICIÓN ESCALERAS EN CONCRETO | D16: M2 | E16: 142372 | G16: 142372
A17: 1.1 | C17: DEMOLICIÓN BALDOSA DE PISO H=0.02 M | D17: M2 | E17: 11256 | G17: 11256
A18: 1.11 | C18: DEMOLICIÓN BALDOSA DE PISO H=0.04 M | D18: M2 | E18: 15877 | G18: 15877
A19: 1.12 | C19: DEMOLICIÓN ENCHAPE MURO | D19: M2 | E19: 12107 | G19: 12107
... A53: 1.46 | C53: RETIRO DE SOBRANTES A UNA DISTANCIA DE 5 KM (INCLUYE CARGUE Y BOTADERO AUTORIZADO) | D53: M3 | E53: 17343 | G53: 17343
A54: 2 | C54: CIMIENTOS
A55: 2.1 | C55: BASE AGREGADO PÉTREO (MATERIAL DE AFIRMADO) | D55: M3 | E55: 88733 | G55: 100010
A56: 2.2 | C56: BASE ARENA CEMENTO 1:20 | D56: M3 | E56: 182788 | G56: 174833
A57: 2.3 | C57: DEMOLICIÓN CABEZAS DE PILOTES | D57: M3 | E57: 488198 | G57: 488198
A58: 2.4 | C58: DEMOLICIÓN CIMIENTO ENTERRADO | D58: M3 | E58: 337196 | G58: 337196
A59: 2.5 | C59: IMPERMEABILIZACIÓN INTEGRAL MORTERO XYPEX | D59: M2 | E59: 51006 | G59: 51006
A60: 2.6 | C60: SOBRECIMIENTOS CONCRETO 3000 PSI 25x25 | D60: M3 | E60: 841038 | G60: 826761
A61: 2.7 | C61: VIGA DE AMARRE EN CONCRETO 3500 PSI | D61: M3 | E61: 842411 | G61: 827551
A62: 2.8 | C62: ZAPATAS EN CONCRETO 3500 PSI | D62: M3 | E62: 790258 | G62: 776343
A63: 2.9 | C63: PILOTE DE MADERA D=20 CM | D63: ML | E63: 66992 | G63: 66992
A64: 2.1 | C64: PILOTE PRE EXCAVADO D=20 CM (INCLUYE RETIRO DE SOBRANTES A UNA DISTANCIA MENOR DE 5 KM) | D64: ML | E64: 209544 | G64: 209544
A65: 2.11 | C65: PILOTE PRE EXCAVADO D=30 CM (INCLUYE RETIRO DE SOBRANTES A UNA DISTANCIA MENOR DE 5 KM) | D65: ML | E65: 259294 | G65: 259294
A66: 2.12 | C66: PILOTE PRE EXCAVADO D=40 CM (INCLUYE RETIRO DE SOBRANTES A UNA DISTANCIA MENOR DE 5 KM) | D66: ML | E66: 319457 | G66: 319457
... A71: 2.17 | C71: MICROPILOTE D=6" (INCLUYE RETIRO DE SOBRANTES A UNA DISTANCIA MENOR DE 5 KM) | D71: ML | E71: 127102 | G71: 127102
A72: 3 | C72: DESAGÜES E INSTALACIONES SUBTERRÁNEAS
A73: 3.1 | C73: SIFÓN PARA DRENAJE EN PVC DE 4" | D73: UN | E73: 56165 | G73: 56116
A74: 3.2 | C74: SIFÓN EN PVC 6" | D74: UN | E74: 268949 | G74: 268899
A75: 3.3 | C75: CAJA DE INSPECCIÓN DE 100X100 | D75: UN | E75: 625899 | G75: 625364
A76: 3.4 | C76: CAJA DE INSPECCIÓN DE 40X40 | D76: UN | E76: 324536 | G76: 323288
A77: 3.5 | C77: CAJA DE INSPECCIÓN DE 60X60 | D77: UN | E77: 370262 | G77: 368294
A78: 3.6 | C78: CAJA DE INSPECCIÓN DE 80X80 | D78: UN | E78: 469834 | G78: 466123
A79: 3.7 | C79: DUCTO ELÉCTRICO PVC 4" | D79: ML | E79: 175253 | G79: 175303
A80: 3.8 | C80: POZO SÉPTICO ETERNIT 1000 LT | D80: UN | E80: 1730516 | G80: 1731013
A81: 3.9 | C81: TUBERÍA CONCRETO CLASE I SIN REFUERZO 12" | D81: ML | E81: 164680 | G81: 164134
A82: 3.1 | C82: TUBERÍA CONCRETO CLASE II SIN REFUERZO 8" | D82: ML | E82: 100516 | G82: 100228
A83: 3.11 | C83: TUBERÍA DRENAJE PVC 110 | D83: ML | E83: 40782 | G83: 40516
A84: 3.12 | C84: TUBERÍA DRENAJE PVC 160 | D84: ML | E84: 63648 | G84: 63382
... A90: 3.18 | C90: SISTEMA SÉPTICO CON FILTRO ANAEROBIO 2000LT (INCLUYE MATERIAL FILTRANTE) | D90: UN | E90: 2323676 | G90: 2306638
A91: 4 | C91: ESTRUCTURAS EN CONCRETO
A92: 4.1 | C92: CASETÓN DE LONA 0.8 X 0.35 | D92: M2 | E92: 60233 | G92: 60233
A93: 4.2 | C93: CASETÓN DE LONA 0.80X0.70 | D93: M2 | E93: 77979 | G93: 77979
A94: 4.3 | C94: COLUMNAS 3500 PSI | D94: M3 | E94: 1110705 | G94: 1096791
A95: 4.4 | C95: CONCRETO CICLÓPEO 2000 PSI, 40% RAJÓN | D95: M3 | E95: 283865 | G95: 274420
A96: 4.5 | C96: ENTREPISO LÁMINA COLABORANTE 2", CAL 22, H=10 CM,INCL. MALLA DE REFUERZO, CONCRETO DE 3500 PSI | D96: M2 | E96: 179251 | G96: 177900
A97: 4.6 | C97: ENTREPISO LÁMINA COLABORANTE 3", CAL 22, H=12 CM,INCL. MALLA DE REFUERZO, CONCRETO DE 3500 PSI | D97: M2 | E97: 161719 | G97: 160098
A98: 4.7 | C98: ENTREPISOS CASETÓN CON VIGAS, 3500 PSI H=0.30 m (SIN REFUERZO) | D98: M2 | E98: 178280 | G98: 176118
A99: 4.8 | C99: ENTREPISO CASETÓN CON VIGAS 3500 PSI, H=0.35 M (SIN REFUERZO) | D99: M2 | E99: 187878 | G99: 185582
A100: 4.9 | C100: ENTREPISO CASETÓN CON VIGAS 3500 PSI, H=0.40 M (SIN REFUERZO) | D100: M2 | E100: 211879 | G100: 209042
A101: 4.1 | C101: ENTREPISO CASETÓN CON VIGAS 3500 PSI, H=0.45 M (SIN REFUERZO) | D101: M2 | E101: 234307 | G101: 231065
A102: 4.11 | C102: ENTREPISOS CASETÓN CON VIGAS, 3500 PSI H=0.50 m (SIN REFUERZO) | D102: M2 | E102: 259765 | G102: 256118
A103: 4.12 | C103: ENTREPISO VIGUETA PLACA | D103: M2 | E103: 142010 | G103: 141822
... A120: 4.29 | C120: BASE EN CONCRETO POBRE 1500 PSI | D120: M3 | E120: 365213 | G120: 349997
A121: 5 | C121: MAMPOSTERÍA
A122: 5.1 | C122: ALFAJÍAS CONCRETO 2500 PSI E= 0.15 M | D122: ML | E122: 47477 | G122: 47140
A123: 5.2 | C123: ALFAJÍAS CONCRETO 2500 PSI E= 0.25 M | D123: ML | E123: 84404 | G123: 84067
A124: 5.3 | C124: ALFAJÍA EN LADRILLO PRENSADO MACIZO | D124: ML | E124: 55567 | G124: 55518
A125: 5.4 | C125: ARCOS EN LADRILLO PRENSADO | D125: ML | E125: 261769 | G125: 261670
A126: 5.5 | C126: DINTELES CONCRETO DE 2500 PSI 15x20 | D126: ML | E126: 72963 | G126: 72532
A127: 5.6 | C127: DINTELES EN BLOQUE 0.15 M | D127: ML | E127: 43725 | G127: 43517
A128: 5.7 | C128: ENCHAPES LADRILLO PRENSADO | D128: M2 | E128: 138430 | G128: 138233
A129: 5.8 | C129: MESONES EN CONCRETO 2500 PSI, E=0.1M (INC. REFUERZO) | D129: M2 | E129: 138102 | G129: 136665
A130: 5.9 | C130: MURO DRYWALL DOBLE CARA 0.12 M | D130: M2 | E130: 137629 | G130: 137629
A131: 5.1 | C131: MURO DRYWALL DOBLE CARA 0.12 M (LINEAL) | D131: ML | E131: 83252 | G131: 83252
A132: 5.11 | C132: MURO DRYWALL DOBLE CARA 0.10 M | D132: M2 | E132: 133185 | G132: 133185
A133: 5.12 | C133: MURO DRYWALL DOBLE CARA 0.10 M (LINEAL) | D133: ML | E133: 81030 | G133: 81030
... A178: 5.57 | C178: ANCLAJE 1" L= 70CM | D178: UN | E178: 62522 | G178: 62522
A180: 6 | C180: PAÑETES, REVOQUES Y REPELLOS
A181: 6.1 | C181: ENTRAMADO MADERA CIELO RASO | D181: M2 | E181: 27759 | G181: 27759
A182: 6.2 | C182: FILOS O DILATACIONES B/PLACA | D182: ML | E182: 9037 | G182: 8987
A183: 6.3 | C183: FILOS O DILATACIONES S/MURO | D183: ML | E183: 11198 | G183: 11148
A184: 6.4 | C184: GOTERA EN MORTERO 1:4 | D184: ML | E184: 12829 | G184: 12779
A185: 6.5 | C185: IMPERMEABILIZACIÓN INTEGRAL MORTERO SIKA | D185: M2 | E185: 10180 | G185: 10180
A186: 6.6 | C186: MALLA BAJO ENTRAMADO | D186: M2 | E186: 22759 | G186: 22759
A187: 6.7 | C187: PAÑETE BAJO GUADUA 1:5, E=2 CM | D187: M2 | E187: 38368 | G187: 38224
A188: 6.8 | C188: PAÑETE BAJO GUADUA 1:5, E=2 CM (LINEAL) | D188: ML | E188: 23911 | G188: 23839
A189: 6.9 | C189: PAÑETE BAJO MALLA 1:4, E=2 CM | D189: M2 | E189: 32255 | G189: 32116
A190: 6.1 | C190: PAÑETE BAJO MALLA 1:4, E=2 CM (LINEAL) | D190: ML | E190: 20289 | G190: 20219
A191: 6.11 | C191: PAÑETE BAJO MALLA 1:5, E=2 CM | D191: M2 | E191: 31279 | G191: 31134
A192: 6.12 | C192: PAÑETE BAJO MALLA 1:5, E=2 CM (LINEAL) | D192: ML | E192: 19801 | G192: 19729
... A208: 6.28 | C208: PAÑETE RÚSTICO PLACAS 1:5, E=2 CM (LINEAL) | D208: ML | E208: 22020 | G208: 21948
A210: 7 | C210: CUBIERTAS
A211: 7.1 | C211: AFINADO CUBIERTAS PLANAS EN MORTERO 1:4 E=0.03 M | D211: M2 | E211: 40001 | G211: 39802
A212: 7.2 | C212: AFINADO IMPERMEABILIZADO PARA TEJA DE BARRO EN ASFALTO (INCLUYE TELA IMPERMEABLE) | D212: M2 | E212: 124272 | G212: 123553
A213: 7.3 | C213: BAJANTE PVC (AMAZONAS, RAINGO) | D213: ML | E213: 78092 | G213: 78092
A214: 7.4 | C214: BAJANTE PVC AGUAS LLUVIAS D=3" | D214: ML | E214: 33501 | G214: 33501
A215: 7.5 | C215: BAJANTE PVC AGUAS LLUVIAS D=4" | D215: ML | E215: 51695 | G215: 51695
A216: 7.6 | C216: CABALLETE ARTICULADO TEJA FIBROCEMENTO | D216: ML | E216: 112249 | G216: 112249
A217: 7.7 | C217: CABALLETE FIJO TEJA FIBROCEMENTO | D217: ML | E217: 89249 | G217: 89249
A218: 7.8 | C218: CABALLETE FIJO CANALETA 43 FIBROCEMENTO | D218: ML | E218: 54515 | G218: 54515
A219: 7.9 | C219: CABALLETE ARTICULADO CANALETA 43 FIBROCEMENTO | D219: ML | E219: 117343 | G219: 117343
A220: 7.1 | C220: CABALLETE FIJO CANALETA 90 FIBROCEMENTO | D220: ML | E220: 138909 | G220: 138909
...

Sheet Cotización Termales
A1: PRESUPUESTO ADECUACIÓN TERMALES
A2: TIPO DE OBRA: | B2: MEJORAMIENTO Y/O ADECUACIÓN TERMALES-TABIO
A3: OBJETO: | B3: MEJORAMIENTO Y/O ADECUACIÓN DE COCINA, AREAS SOCIALES , BAÑOS Y DUCHAS Y TUBERÍA DE TURCOS
A5: ÍTEM | C5: DESCRIPCIÓN | D5: UNIDAD | E5: VALOR UNITARIO | F5: CANTIDAD | G5: VALOR TOTAL
A6: CONSTRUCCIÓN
A7: 1 | C7: PRELIMINARES
A8: 1.1 | C8: CAMPAMENTO 18 M2 | D8: UN | E8: 2893745 | G8: =+E8*F8 -> 0
A9: 1.2 | C9: CAMPAMENTO 9 M2 | D9: UN | E9: 1695673 | G9: =+E9*F9 -> 0
A10: 1.3 | C10: CERCA EN ALAMBRE DE PUA 4 HILOS | D10: ML | E10: 23037 | G10: =+E10*F10 -> 0
A11: 1.4 | C11: CERCA EN ALAMBRE DE PUA 5 HILOS | D11: ML | E11: 25876 | G11: =+E11*F11 -> 0
A12: 1.5 | C12: CERCA EN ALAMBRE DE PUA 6 HILOS | D12: ML | E12: 30132 | G12: =+E12*F12 -> 0
A13: 1.6 | C13: CERCA EN TABLA H=2.30 M | D13: ML | E13: 92528 | G13: =+E13*F13 -> 0
A14: 1.7 | C14: CERCA EN TEJA DE ZINC H=1.80 M | D14: ML | E14: 64671 | G14: =+E14*F14 -> 0
A15: 1.8 | C15: CERCA EN TELA VERDE H = 2.10 M | D15: ML | E15: 30607 | G15: =+E15*F15 -> 0
A16: 1.9 | C16: DEMOLICIÓN ESCALERAS EN CONCRETO | D16: M2 | E16: 142372 | F16: =+'Memorias Termales'!I13 -> 2.61 | G16: =+E16*F16 -> 371590.92 | H16: SPA | I16: RESTAURANTE EXT
A17: 1.1 | C17: DEMOLICIÓN BALDOSA DE PISO H=0.02 M | D17: M2 | E17: 11256 | F17: =+'Memorias Termales'!I22 -> 30 | G17: =+E17*F17 -> 337680 | H17: SPA | I17: RESTAURANTE EXT | J17: VESTIRES
A18: 1.12 | C18: DEMOLICIÓN ENCHAPE MURO | D18: M2 | E18: 12107 | F18: =+'Memorias Termales'!I31 -> 13.64 | G18: =+E18*F18 -> 165139.48 | I18: COCINA
A19: 1.14 | C19: DEMOLICIÓN CIELO RASO FALSO | D19: M2 | E19: 15566 | F19: =+'Memorias Termales'!I41 -> 74.4 | G19: =+E19*F19 -> 1158110.4 | I19: COCINA
A20: 1.15 | C20: DEMOLICIÓN ADOQUÍN SOBRE ARENA, H=0.15 m | D20: M2 | E20: 14746 | G20: =+E20*F20 -> 0
A21: 1.16 | C21: DEMOLICIÓN MUROS EN MAMPOSTERÍA 0.15 M | D21: M2 | E21: 22788 | G21: =+E21*F21 -> 0
A22: 1.17 | C22: DEMOLICIÓN MUROS EN MAMAPOSTERÍA 0.25 M | D22: M2 | E22: 30598 | F22: =+'Memorias Termales'!I50 -> 18.24 | G22: =+E22*F22 -> 558107.52 | I22: MATERAS
A23: 1.18 | C23: DEMOLICIÓN PLACA ALIGERADA 0.30 M | D23: M2 | E23: 46163 | G23: =+E23*F23 -> 0
A24: 1.19 | C24: DEMOLICIÓN PLACA ALIGERADA 0.40 M | D24: M2 | E24: 67582 | G24: =+E24*F24 -> 0
A25: 1.2 | C25: DEMOLICIÓN PLACA ALIGERADA 0.50 M | D25: M2 | E25: 83813 | G25: =+E25*F25 -> 0
A26: 1.21 | C26: DEMOLICIÓN PLACA MACIZA 0.15 M | D26: M2 | E26: 72547 | G26: =+E26*F26 -> 0
A27: 1.22 | C27: DEMOLICIÓN PLACA MACIZA 0.20 M | D27: M2 | E27: 101883 | G27: =+E27*F27 -> 0
A28: 1.23 | C28: DEMOLICIÓN PLACA MACIZA 0.25 M | D28: M2 | E28: 120600 | G28: =+E28*F28 -> 0
A29: 1.24 | C29: DEMOLICIÓN PLACA MACIZA 0.30 M | D29: M2 | E29: 147748 | G29: =+E29*F29 -> 0
A30: 1.25 | C30: DEMOLICIÓN PLACA PISO 0.05 M | D30: M2 | E30: 15947 | G30: =+E30*F30 -> 0 | I30: RESTAURANTE EXT
A31: 1.26 | C31: DEMOLICIÓN PLACA PISO 0.10 M | D31: M2 | E31: 25572 | G31: =+E31*F31 -> 0
A32: 1.27 | C32: DEMOLICIÓN PLACA PISO 0.15 M | D32: M2 | E32: 39050 | G32: =+E32*F32 -> 0
A33: 1.28 | C33: DEMOLICIÓN PLACA PISO 0.20 M | D33: M2 | E33: 64397 | G33: =+E33*F33 -> 0
A34: 1.29 | C34: DEMOLICIÓN VIGAS Y COLUMNAS | D34: M3 | E34: 386724 | G34: =+E34*F34 -> 0
A35: 1.3 | C35: DESCAPOTE A MAQUINA E=0.20 M | D35: M2 | E35: 2038 | G35: =+E35*F35 -> 0
A36: 1.31 | C36: DESCAPOTE MANUAL Y RETIRO E= 0.20 M APILE A 15 M | D36: M2 | E36: 10198 | G36: =+E36*F36 -> 0
A37: 1.32 | C37: DESMONTE APARATOS SANITARIOS | D37: UN | E37: 35121 | F37: =+'Memorias Termales'!I59 -> 19 | G37: =+E37*F37 -> 667299
A38: 1.33 | C38: DESMONTE DE CUBIERTAS (TEJA DE BARRO) | D38: M2 | E38: 18891 | G38: =+E38*F38 -> 0
A39: 1.34 | C39: DESMONTE DE CUBIERTAS (ASBESTO CEMENTO) | D39: M2 | E39: 19068 | G39: =+E39*F39 -> 0
A40: 1.35 | C40: DESMONTE DE CUBIERTAS (TERMOACÚSTICA) | D40: M2 | E40: 17561 | G40: =+E40*F40 -> 0
A41: 1.36 | C41: DESMONTE DE CUBIERTAS (TEJA DE ZINC) | D41: M2 | E41: 16327 | G41: =+E41*F41 -> 0
A42: 1.37 | C42: DESMONTE MUROS SECOS | D42: M2 | E42: 26941 | G42: =+E42*F42 -> 0
A43: 1.38 | C43: DESMONTE MARCOS Y PUERTAS | D43: UN | E43: 21550 | G43: =+E43*F43 -> 0
A44: 1.39 | C44: DESMONTE VENTANAS | D44: M2 | E44: 18891 | G44: =+E44*F44 -> 0
A45: 1.4 | C45: LETRINA DE 2.0x1.0 | D45: UN | E45: 1240113 | G45: =+E45*F45 -> 0
A46: 1.41 | C46: LOCALIZACIÓN Y REPLANTEO DE CIMIENTOS CON ELEMENTOS DE PRESICIÓN | D46: M2 | E46: 13496 | G46: =+E46*F46 -> 0
A47: 1.42 | C47: REPLANTEO MANUAL DE CIMIENTOS | D47: M2 | E47: 5310 | G47: =+E47*F47 -> 0
A48: 1.43 | C48: RED ELÉCTRICA PROVISIONAL L=50M | D48: UN | E48: 3689492 | G48: =+E48*F48 -> 0
A49: 1.44 | C49: RED TELEFÓNICA PROVISIONAL | D49: UN | E49: 353556 | G49: =+E49*F49 -> 0
... A51: 1.46 | C51: RETIRO DE SOBRANTES A UNA DISTANCIA DE 5 KM (INCLUYE CARGUE Y BOTADERO AUTORIZADO) | D51: M3 | E51: 17343 | G51: =+E51*F51 -> 0
A52: 2 | C52: CIMIENTOS
A53: 2.1 | C53: BASE AGREGADO PÉTREO (MATERIAL DE AFIRMADO) | D53: M3 | E53: 88733 | G53: =+E53*F53 -> 0
A54: 2.2 | C54: BASE ARENA CEMENTO 1:20 | D54: M3 | E54: 182788 | G54: =+E54*F54 -> 0
A55: 2.3 | C55: DEMOLICIÓN CABEZAS DE PILOTES | D55: M3 | E55: 488198 | G55: =+E55*F55 -> 0
A56: 2.4 | C56: DEMOLICIÓN CIMIENTO ENTERRADO | D56: M3 | E56: 337196 | G56: =+E56*F56 -> 0
A57: 2.5 | C57: IMPERMEABILIZACIÓN INTEGRAL MORTERO XYPEX | D57: M2 | E57: 51006 | G57: =+E57*F57 -> 0
A58: 2.6 | C58: SOBRECIMIENTOS CONCRETO 3000 PSI 25x25 | D58: M3 | E58: 841038 | G58: =+E58*F58 -> 0
A59: 2.7 | C59: VIGA DE AMARRE EN CONCRETO 3500 PSI | D59: M3 | E59: 842411 | F59: 3.5 | G59: =+E59*F59 -> 2948438.5
A60: 2.8 | C60: ZAPATAS EN CONCRETO 3500 PSI | D60: M3 | E60: 790258 | F60: 4 | G60: =+E60*F60 -> 3161032
A61: 2.9 | C61: PILOTE DE MADERA D=20 CM | D61: ML | E61: 66992 | G61: =+E61*F61 -> 0
A62: 2.1 | C62: PILOTE PRE EXCAVADO D=20 CM (INCLUYE RETIRO DE SOBRANTES A UNA DISTANCIA MENOR DE 5 KM) | D62: ML | E62: 209544 | G62: =+E62*F62 -> 0
A63: 2.11 | C63: PILOTE PRE EXCAVADO D=30 CM (INCLUYE RETIRO DE SOBRANTES A UNA DISTANCIA MENOR DE 5 KM) | D63: ML | E63: 259294 | G63: =+E63*F63 -> 0
A64: 2.12 | C64: PILOTE PRE EXCAVADO D=40 CM (INCLUYE RETIRO DE SOBRANTES A UNA DISTANCIA MENOR DE 5 KM) | D64: ML | E64: 319457 | G64: =+E64*F64 -> 0
A65: 2.13 | C65: PILOTE PRE EXCAVADO D=50 CM (INCLUYE RETIRO DE SOBRANTES A UNA DISTANCIA MENOR DE 5 KM) | D65: ML | E65: 400445 | G65: =+E65*F65 -> 0
A66: 2.14 | C66: PILOTE HINCADO 25X25 | D66: ML | E66: 147329 | G66: =+E66*F66 -> 0
A67: 2.15 | C67: PILOTE HINCADO 30X30 | D67: ML | E67: 181641 | G67: =+E67*F67 -> 0
A68: 2.16 | C68: DADOS EN CONCRETO 3500PSI | D68: M3 | E68: 764476 | G68: =+E68*F68 -> 0
A69: 2.17 | C69: MICROPILOTE D=6" (INCLUYE RETIRO DE SOBRANTES A UNA DISTANCIA MENOR DE 5 KM) | D69: ML | E69: 127102 | G69: =+E69*F69 -> 0
A70: 3 | C70: DESAGÜES E INSTALACIONES SUBTERRÁNEAS
A71: 3.1 | C71: SIFÓN PARA DRENAJE EN PVC DE 4" | D71: UN | E71: 56165 | F71: =+'Memorias Termales'!R13 -> 7 | G71: =+E71*F71 -> 393155 | H71: BAÑO | I71: COCINA
A72: 3.2 | C72: SIFÓN EN PVC 6" | D72: UN | E72: 268949 | G72: =+E72*F72 -> 0
A73: 3.3 | C73: CAJA DE INSPECCIÓN DE 100X100 | D73: UN | E73: 625899 | G73: =+E73*F73 -> 0
A74: 3.4 | C74: CAJA DE INSPECCIÓN DE 40X40 | D74: UN | E74: 324536 | G74: =+E74*F74 -> 0
A75: 3.5 | C75: CAJA DE INSPECCIÓN DE 60X60 | D75: UN | E75: 370262 | F75: =+'Memorias Termales'!R22 -> 2 | G75: =+E75*F75 -> 740524 | H75: BAÑO | I75: COCINA
A76: 3.6 | C76: CAJA DE INSPECCIÓN DE 80X80 | D76: UN | E76: 469834 | G76: =+E76*F76 -> 0
A77: 3.7 | C77: DUCTO ELÉCTRICO PVC 4" | D77: ML | E77: 175253 | G77: =+E77*F77 -> 0
A78: 3.8 | C78: POZO SÉPTICO ETERNIT 1000 LT | D78: UN | E78: 1730516 | G78: =+E78*F78 -> 0
A79: 3.9 | C79: TUBERÍA CONCRETO CLASE I SIN REFUERZO 12" | D79: ML | E79: 164680 | G79: =+E79*F79 -> 0
A80: 3.1 | C80: TUBERÍA CONCRETO CLASE II SIN REFUERZO 8" | D80: ML | E80: 100516 | G80: =+E80*F80 -> 0
A81: 3.11 | C81: TUBERÍA DRENAJE PVC 110 | D81: ML | E81: 40782 | F81: =+'Memorias Termales'!R31 -> 23 | G81: =+E81*F81 -> 937986 | H81: BAÑO | I81: COCINA
A82: 3.12 | C82: TUBERÍA DRENAJE PVC 160 | D82: ML | E82: 63648 | G82: =+E82*F82 -> 0
A83: 3.13 | C83: TUBERÍA DRENAJE PVC 200 | D83: ML | E83: 82469 | G83: =+E83*F83 -> 0
A84: 3.14 | C84: TUBERÍA DRENAJE PVC 250 | D84: ML | E84: 111240 | G84: =+E84*F84 -> 0
A85: 3.15 | C85: TUBERÍA DRENAJE PVC 315 | D85: ML | E85: 151931 | G85: =+E85*F85 -> 0
A86: 3.16 | C86: SISTEMA SÉPTICO CON FILTRO ANAEROBIO 500LT (INCLUYE MATERIAL FILTRANTE) | D86: UN | E86: 1295101 | G86: =+E86*F86 -> 0
A87: 3.17 | C87: SISTEMA SÉPTICO CON FILTRO ANAEROBIO 1000LT (INCLUYE MATERIAL FILTRANTE) | D87: UN | E87: 1805337 | G87: =+E87*F87 -> 0
A88: 3.18 | C88: SISTEMA SÉPTICO CON FILTRO ANAEROBIO 2000LT (INCLUYE MATERIAL FILTRANTE) | D88: UN | E88: 2323676 | G88: =+E88*F88 -> 0
A89: 4 | C89: ESTRUCTURAS EN CONCRETO
A90: 4.1 | C90: CASETÓN DE LONA 0.8 X 0.35 | D90: M2 | E90: 60233 | G90: =+E90*F90 -> 0
A91: 4.2 | C91: CASETÓN DE LONA 0.80X0.70 | D91: M2 | E91: 77979 | G91: =+E91*F91 -> 0
A92: 4.3 | C92: COLUMNAS 3500 PSI | D92: M3 | E92: 1110705 | G92: =+E92*F92 -> 0
A93: 4.4 | C93: CONCRETO CICLÓPEO 2000 PSI, 40% RAJÓN | D93: M3 | E93: 283865 | G93: =+E93*F93 -> 0
A94: 4.5 | C94: ENTREPISO LÁMINA COLABORANTE 2", CAL 22, H=10 CM,INCL. MALLA DE REFUERZO, CONCRETO DE 3500 PSI | D94: M2 | E94: 179251 | G94: =+E94*F94 -> 0
A95: 4.6 | C95: ENTREPISO LÁMINA COLABORANTE 3", CAL 22, H=12 CM,INCL. MALLA DE REFUERZO, CONCRETO DE 3500 PSI | D95: M2 | E95: 161719 | G95: =+E95*F95 -> 0
A96: 4.7 | C96: ENTREPISOS CASETÓN CON VIGAS, 3500 PSI H=0.30 m (SIN REFUERZO) | D96: M2 | E96: 178280 | G96: =+E96*F96 -> 0
A97: 4.8 | C97: ENTREPISO CASETÓN CON VIGAS 3500 PSI, H=0.35 M (SIN REFUERZO) | D97: M2 | E97: 187878 | G97: =+E97*F97 -> 0
A98: 4.9 | C98: ENTREPISO CASETÓN CON VIGAS 3500 PSI, H=0.40 M (SIN REFUERZO) | D98: M2 | E98: 211879 | G98: =+E98*F98 -> 0
A99: 4.1 | C99: ENTREPISO CASETÓN CON VIGAS 3500 PSI, H=0.45 M (SIN REFUERZO) | D99: M2 | E99: 234307 | G99: =+E99*F99 -> 0
A100: 4.11 | C100: ENTREPISOS CASETÓN CON VIGAS, 3500 PSI H=0.50 m (SIN REFUERZO) | D100: M2 | E100: 259765 | G100: =+E100*F100 -> 0
A101: 4.12 | C101: ENTREPISO VIGUETA PLACA | D101: M2 | E101: 142010 | G101: =+E101*F101 -> 0
... A107: 4.18 | C107: MURO DE CONTENCIÓN EN CONCRETO 3500 PSI, H=2.0 M | D107: M3 | E107: 969137 | G107: =+E107*F107 -> 0
...

Sheet PRESUPUESTO V1
A1: PRESUPUESTO ADECUACIÓN TERMALES
A2: TIPO DE OBRA: | B2: MEJORAMIENTO Y/O ADECUACIÓN TERMALES-TABIO
A3: OBJETO: | B3: MEJORAMIENTO Y/O ADECUACIÓN DE COCINA, AREAS SOCIALES , BAÑOS Y DUCHAS Y TUBERÍA DE TURCOS
A5: ÍTEM | C5: DESCRIPCIÓN | D5: UNIDAD | E5: VALOR UNITARIO | F5: CANTIDAD | G5: VALOR TOTAL
A6: CONSTRUCCIÓN
A7: 1 | C7: PRELIMINARES
A8: 1.9 | C8: DEMOLICIÓN ESCALERAS EN CONCRETO | D8: M2 | E8: 101530 | F8: =+'Memorias Termales'!I13 -> 2.61 | G8: =+E8*F8 -> 264993.3
A9: 1.1 | C9: DEMOLICIÓN BALDOSA DE PISO H=0.02 M | D9: M2 | E9: 13166 | F9: =+'Memorias Termales'!I22 -> 30 | G9: =+E9*F9 -> 394980
A10: 1.12 | C10: DEMOLICIÓN ENCHAPE MURO | D10: M2 | E10: 14116 | F10: =O423 -> 20.7424 | G10: =+E10*F10 -> 292799.72
A11: 1.14 | C11: DEMOLICIÓN CIELO RASO FALSO | D11: M2 | E11: 19539 | F11: =+'Memorias Termales'!I41 -> 74.4 | G11: =+E11*F11 -> 1453701.6
A12: 1.15 | C12: DEMOLICIÓN ADOQUÍN SOBRE ARENA, H=0.15 m | D12: M2 | E12: 14746 | G12: =+E12*F12 -> 0
A13: 1.16 | C13: DEMOLICIÓN MUROS EN MAMPOSTERÍA 0.15 M | D13: M2 | E13: 26178 | F13: =P427 -> 1.68 | G13: =+E13*F13 -> 43979.04
A14: 1.17 | C14: DEMOLICIÓN MUROS EN MAMAPOSTERÍA 0.25 M | D14: M2 | E14: 34942 | F14: =+'Memorias Termales'!I50 -> 18.24 | G14: =+E14*F14 -> 637342.08
A15: 1.32 | C15: DESMONTE APARATOS SANITARIOS | D15: UN | E15: 40253 | F15: =+'Memorias Termales'!I59 -> 19 | G15: =+E15*F15 -> 764807
A16: 2 | C16: CIMIENTOS
A17: 2.7 | C17: VIGA DE AMARRE EN CONCRETO 3500 PSI | D17: M3 | E17: 974310 | F17: 3.5 | G17: =+E17*F17 -> 3410085
A18: 2.8 | C18: ZAPATAS EN CONCRETO 3500 PSI | D18: M3 | E18: 885987 | F18: 4 | G18: =+E18*F18 -> 3543948
A19: 3 | C19: DESAGÜES E INSTALACIONES SUBTERRÁNEAS
A20: 3.1 | C20: SIFÓN PARA DRENAJE EN PVC DE 4" | D20: UN | E20: 61823 | F20: =+'Memorias Termales'!R13 -> 7 | G20: =+E20*F20 -> 432761
A21: 3.5 | C21: CAJA DE INSPECCIÓN DE 60X60 | D21: UN | E21: 350322 | F21: =+'Memorias Termales'!R22 -> 2 | G21: =+E21*F21 -> 700644
A22: 3.11 | C22: TUBERÍA DRENAJE PVC 110 | D22: ML | E22: 33857 | F22: =+'Memorias Termales'!R31 -> 23 | G22: =+E22*F22 -> 778711
A23: 4 | C23: ESTRUCTURAS EN CONCRETO
A24: 4.19 | C24: PASOS PREFABRICADOS ESCALERAS EN CONRETO 2500 PSI (ANCHO 1 M) | D24: UN | E24: 93495 | F24: =+'Memorias Termales'!R41 -> 18 | G24: =+E24*F24 -> 1682910
A25: 4.23 | C25: REFUERZO MALLA ELECTROSOLDADA | D25: KG | E25: 10980 | F25: =+'Memorias Termales'!R50 -> 348.82 | G25: =+E25*F25 -> 3830043.6
A26: APU | C26: VIGUETAS Y COLUMNETAS INCLUYE ACERO DE REFUERZO | D26: ML | E26: 78686.55 | F26: =P1071 -> 39.72 | G26: =+E26*F26 -> 3125429.8
A27: 5 | C27: MAMPOSTERÍA
A28: 5.8 | C28: MESONES EN CONCRETO 2500 PSI, E=0.1M (INC. REFUERZO) | D28: M2 | E28: 152916 | F28: =+'Memorias Termales'!R54 -> 8.68 | G28: =+E28*F28 -> 1327310.9
A29: 5.17 | C29: MURO EN BLOQUE Nº 5 E=0.12 M | D29: M2 | E29: 63051 | F29: =+'Memorias Termales'!AA31 -> 58.79 | G29: =+E29*F29 -> 3706768.3
A30: 5.18 | C30: MURO EN BLOQUE No. 5 E=0.12 (LINEAL) | D30: ML | E30: 40263 | F30: =+'Memorias Termales'!AA22 -> 47.6 | G30: =+E30*F30 -> 1916518.8
A31: 5.37 | C31: MURO TOLETE COMÚN 0.06 M | D31: M2 | E31: 56307 | F31: =+'Memorias Termales'!AA31 -> 58.79 | G31: =+E31*F31 -> 3310288.5
A32: 5.38 | C32: MURO TOLETE COMÚN 0.06 M (LINEAL) | D32: ML | E32: 36380 | F32: =+'Memorias Termales'!AA41 -> 59.6 | G32: =+E32*F32 -> 2168248
A33: 5.52 | C33: DOVELA, GROUTING 3000 PSI | D33: ML | E33: 9040 | F33: =+'Memorias Termales'!AA50 -> 42 | G33: =+E33*F33 -> 379680
A34: 6 | C34: PAÑETES, REVOQUES Y REPELLOS
A35: 6.1 | C35: ENTRAMADO MADERA CIELO RASO | D35: M2 | E35: 34131 | F35: =+'Memorias Termales'!AA59 -> 36 | G35: =+E35*F35 -> 1228716
A36: 6.2 | C36: FILOS O DILATACIONES B/PLACA | D36: ML | E36: 7688 | F36: =+'Memorias Termales'!AJ13 -> 13 | G36: =+E36*F36 -> 99944
A37: 6.6 | C37: MALLA BAJO ENTRAMADO | D37: M2 | E37: 18314 | F37: =+'Memorias Termales'!AJ31 -> 36 | G37: =+E37*F37 -> 659304
A38: 6.15 | C38: PAÑETE IMPERMEABILIZADO MUROS 1:3, E=1.5 CM | D38: M2 | E38: 33310 | F38: =+'Memorias Termales'!AJ41 -> 72 | G38: =+E38*F38 -> 2398320
A39: 6.16 | C39: PAÑETE IMPERMEABILIZADO MUROS 1:3, E=1.5 CM (LINEAL) | D39: ML | E39: 22875 | F39: 15 | G39: =+E39*F39 -> 343125
A40: 6.17 | C40: PAÑETE LISO MUROS 1:4, E=1.5 CM | D40: M2 | E40: 27939 | F40: =+'Memorias Termales'!AJ50 -> 129.2 | G40: =+E40*F40 -> 3609718.8
A41: 6.18 | C41: PAÑETE LISO MUROS 1:4, E=1.5 CM (LINEAL) | D41: ML | E41: 18412 | F41: 20 | G41: =+E41*F41 -> 368240
A42: 7 | C42: CUBIERTAS
A43: 7.2 | C43: TEJA EN LÁMINA GALVANIZADA CAL 26 PINTADA | D43: M2 | E43: 77837 | F43: =+'Memorias Termales'!AS22 -> 72 | G43: =+E43*F43 -> 5604264
A44: 7.32 | C44: ESTRUCTURA METÁLICA PARA TEJA DE FIBROCEMENTO (TUBO ESTRUCTURAL ABIERTO 4"x2", 15 MM) | D44: M2 | E44: 92924 | F44: =+'Memorias Termales'!AS31 -> 72 | G44: =+E44*F44 -> 6690528
A45: 7.4 | C45: CUBIERTA EN POLICARBONATO ALVEOLAR | D45: M2 | E45: 205605 | F45: =+'Memorias Termales'!AS41 -> 72 | G45: =+E45*F45 -> 14803560
A46: 7.41 | C46: CORTASOL TIPO CELOSCREEN 110-M1, PASO 200 | D46: M2 | E46: 403908 | F46: =+'Memorias Termales'!AS50 -> 75 | G46: =+E46*F46 -> 30293100
A47: 8 | C47: MORTEROS Y CONCRETOS
A48: 8.4 | B48: 8.4 | C48: CONCRETO 2500 PSI | D48: M3 | E48: 432513 | F48: =+'Memorias Termales'!AS59 -> 3.6 | G48: =+E48*F48 -> 1557046.8
A49: 9 | C49: CARPINTERÍA EN MADERA
A50: 9.18 | B50: 9.8 | C50: CERRADURA DE ENTRADA PRINCIPAL | D50: UN | E50: 177248 | F50: 2 | G50: =+E50*F50 -> 354496
A51: 9.25 | B51: 10.5 | C51: VIDRIO ESMERILADO INCOLORO 4 MM | D51: M2 | E51: 98343 | F51: =12*3 -> 36 | G51: =+E51*F51 -> 3540348
A52: 10 | C52: CARPINTERÍA METÁLICA
A53: 10.2 | B53: 8.2 | C53: CELOSÍA ALUMINIO 100CM X 60 CM | D53: M2 | E53: 334108 | F53: =12*0.8 -> 9.6 | G53: =+E53*F53 -> 3207436.8
A54: 10.5 | B54: 8.5 | C54: MARCO TAPA CAJA DE INSPECCIÓN | D54: UN | E54: 273566 | F54: 3 | G54: =+E54*F54 -> 820698
A55: 10.1 | C55: CERRAMIENTO MALLA ESLABONADA C. 10 INC. ÁNGULO (PARAL EN TUBO ESTRUCTURAL GALVANIZADO 2") | D55: M2 | E55: 161347 | F55: =2.4*2 -> 4.8 | G55: =+E55*F55 -> 774465.6
A56: 10.15 | B56: 9.5 | C56: DIVISIÓN PARA BAÑO EN ACERO INOXIDABLE 304 CAL.20 (INCLUYE PUERTAS Y ACCESORIOS) | D56: M2 | E56: 1109274 | F56: =+'Memorias Termales'!BB13 -> 11.2 | G56: =+E56*F56 -> 12423869
A57: 10.16 | B57: 9.6 | C57: REJA BANCARIA EN VARILLA CUADRADA DE 1/2" INC. ANTICORROSIVO | D57: M2 | E57: 221483 | G57: =+E57*F57 -> 0
A58: 10.17 | B58: 9.7 | C58: PUERTA CORTINA INCLUYE ESMALTE | D58: M2 | E58: 527749 | G58: =+E58*F58 -> 0
A59: 10.18 | B59: 9.8 | C59: SUMINISTRO E INSTALACIÓN TEMPLETES 3/8" INC. ANTICORROSIVO | D59: ML | E59: 10278 | F59: 13.6 | G59: =+E59*F59 -> 139780.8
A60: 10.19 | B60: 9.9 | C60: VENTANA EN ALUMINIO CORREDIZA | D60: M2 | E60: 379747 | G60: =+E60*F60 -> 0
A61: 10.2 | B61: 10 | C61: VENTANA LÁMINA CALIBRE 18 INC. ANTICORROSIVO | D61: M2 | E61: 192008 | G61: =+E61*F61 -> 0
A62: 10.21 | B62: 10.1 | C62: REJILLA PISO 0.30 M | D62: M2 | E62: 146296 | G62: =+E62*F62 -> 0
A63: 10.22 | B63: 10.2 | C63: TAPA SHUT EN LÁMINA COLD ROLLED CAL.16 | D63: UN | E63: 131507 | G63: =+E63*F63 -> 0
A64: 10.23 | B64: 10.3 | C64: CELOSÍA ANGULAR PARA POLIDEPORTIVO ASTM-36, INCLUYE: CORREAS, CONTRAVIENTOS, TENSORES, COLUMNAS, VIGAS DE AMARRE, ANCLAJES, TORNILLERÍA, PINTURA Y PLATINERÍA. CONTEMPLA TAMBIÉN:FABRICACIÓN, SUMINISTRO Y MONTAJE | D64: KG | E64: 19425 | G64: =+E64*F64 -> 0
A65: 10.19 | C65: VENTANA EN ALUMINIO CORREDIZA | D65: M2 | E65: 406295 | F65: =S1061 -> 6.345 | G65: =+E65*F65 -> 2577941.8
A66: 10.24 | B66: 10.4 | C66: CELOSÍA TUBULAR PARA POLIDEPORTIVO, ASTM-4500 GRADO C, INCLUYE:CORREAS, CONTRAVIENTOS, TENSORES, COLUMNAS ,VIGAS DE AMARRE, ANCLAJES, TORNILLERÍA, PINTURA Y PLATINERÍA.CONTEMPLA TAMBIEN:FABRICACIÓN, SUMINISTRO, MONTAJE | D66: KG | E66: 24327 | F66: 360 | G66: =+E66*F66 -> 8757720
A67: 10.25 | B67: 10.5 | C67: ESTRUCTURA EN PERFILES LÁMINA DELGADA (LÁMINA CR), PARA POLIDEPORTIVO, INCLUYE:CORREAS, CONTRAVIENTOS, TENSORES, COLUMNAS, VIGAS DE AMARRE, ANCLAJES, TORNILLERÍA, PINTURA Y PLATINERÍA. CONTEMPLA TAMBIÉN:FABRICACIÓN, SUMINISTRO Y MONTAJE | D67: KG | E67: 21639 | G67: =+E67*F67 -> 0
A68: 10.26 | B68: 9 | C68: CERRAMIENTO EN POSTES Y PANELES GALVANIZADOS (REJA CLASICA) H: 2.00 MTS | D68: M2 | E68: 194338 | G68: =+E68*F68 -> 0
A69: 10.27 | B69: 9 | C69: CERRAMIENTO EN POSTES Y PANELES GALVANIZADOS (REJA CONTEMPORANEA) H: 4.80 MTS | D69: M2 | E69: 217267 | G69: =+E69*F69 -> 0
A70: 11 | C70: INSTALACIONES HIDROSANITARIAS - RED CONTRA INCENDIO
A71: 11.1 | B71: 8.1 | C71: ACOMETIDA EN PVC 1/2" 5M | D71: UN | E71: 378519 | F71: 3 | G71: =+E71*F71 -> 1135557
A72: 11.2 | B72: 8.2 | C72: ACOMETIDA EN PVC 3/4" 5M | D72: UN | E72: 441269 | F72: 3 | G72: =+E72*F72 -> 1323807
A73: 11.3 | B73: 8.3 | C73: BAJANTE AGUAS LLUVIAS PVC 3" | D73: ML | E73: 33501 | G73: =+E73*F73 -> 0
A74: 11.4 | B74: 8.4 | C74: BAJANTE AGUAS LLUVIAS PVC 4" | D74: ML | E74: 51695 | G74: =+E74*F74 -> 0
A75: 11.5 | B75: 8.5 | C75: BAJANTE AGUAS RESIDUALES PVC 3" | D75: ML | E75: 50735 | G75: =+E75*F75 -> 0
A76: 11.6 | B76: 8.6 | C76: BAJANTE AGUAS RESIDUALES PVC 4" | D76: ML | E76: 72446 | F76: 16 | G76: =+E76*F76 -> 1159136
A77: 11.7 | B77: 8.7 | C77: BAJANTE AGUAS RESIDUALES PVC 6" | D77: ML | E77: 127940 | G77: =+E77*F77 -> 0
A78: 11.8 | B78: 8.8 | C78: CONEXIÓN TANQUE ELEVADO PVC | D78: UN | E78: 349372 | G78: =+E78*F78 -> 0
A79: 11.9 | B79: 8.9 | C79: INSTALACIÓN APARATO SANITARIO | D79: UN | E79: 89480 | F79: 8 | G79: =+E79*F79 -> 715840
A80: 11.1 | B80: 9 | C80: INSTALACIÓN BOMBAS AGUA | D80: UN | E80: 1255752 | F80: 2 | G80: =+E80*F80 -> 2511504
A81: 11.11 | B81: 9.1 | C81: INSTALACIÓN EQUIPO HIDRONEUMÁTICO | D81: UN | E81: 2585372 | F81: 1 | G81: =+E81*F81 -> 2585372
A82: 11.12 | B82: 9.2 | C82: LLAVE MANGUERA | D82: UN | E82: 60440 | F82: 3 | G82: =+E82*F82 -> 181320
A83: 11.13 | B83: 9.3 | C83: NIPLE PASAMURO 2" | D83: UN | E83: 110105 | G83: =+E83*F83 -> 0
A84: 11.14 | B84: 9.4 | C84: NIPLE PASAMURO 4" | D84: UN | E84: 163042 | G84: =+E84*F84 -> 0
A85: 11.15 | B85: 9.5 | C85: PUNTO AGUA CALIENTE CPVC | D85: UN | E85: 145429 | F85: 1 | G85: =+E85*F85 -> 145429
A86: 11.16 | B86: 9.6 | C86: PUNTO HIDRÁULICO PVC-P/PARAL 1/2" | D86: UN | E86: 114309 | F86: 3 | G86: =+E86*F86 -> 342927
A87: 11.17 | B87: 9.7 | C87: PUNTO HIDÁULICO PVC-P/PARAL 3/4" | D87: UN | E87: 108858 | G87: =+E87*F87 -> 0
A88: 11.18 | B88: 9.8 | C88: PUNTO HIDRÁULICO PVC-P/PARAL 1 1/4" | D88: UN | E88: 137292 | G88: =+E88*F88 -> 0
A89: 11.19 | B89: 9.9 | C89: SALIDA SANITARIA PVC-S/PARAL 2" | D89: UN | E89: 108090 | G89: =+E89*F89 -> 0
A90: 11.2 | B90: 10 | C90: SALIDA SANITARIA PVC-S/PARAL 3" | D90: UN | E90: 130156 | G90: =+E90*F90 -> 0
A91: 11.21 | B91: 10.1 | C91: SALIDA SANITARIA PVC-S/PARAL 4" | D91: UN | E91: 137936 | G91: =+E91*F91 -> 0
A92: 11.22 | B92: 10.2 | C92: SALIDA SANITARIA PVC-S/SIFON 3" | D92: UN | E92: 109163 | G92: =+E92*F92 -> 0
A93: 11.23 | B93: 10.3 | C93: RED SUMINISTRO CPVC 1/2" | D93: ML | E93: 18742 | G93: =+E93*F93 -> 0
A94: 11.24 | B94: 10.4 | C94: RED SUMINISTRO CPVC 3/4" | D94: ML | E94: 25414 | G94: =+E94*F94 -> 0
A95: 11.25 | B95: 10.5 | C95: RED SUMINISTRO PVC 1 1/2" | D95: ML | E95: 33546 | G95: =+E95*F95 -> 0
A96: 11.26 | B96: 10.6 | C96: RED SUMINISTRO PVC 1" | D96: ML | E96: 23010 | F96: 20 | G96: =+E96*F96 -> 460200
A97: 11.27 | B97: 10.7 | C97: RED SUMINISTRO PVC 1/2" | D97: ML | E97: 14209 | F97: 35 | G97: =+E97*F97 -> 497315
A98: 11.28 | B98: 10.8 | C98: RED SUMINISTRO PVC 2 1/2" | D98: ML | E98: 72243 | G98: =+E98*F98 -> 0
A99: 11.29 | B99: 10.9 | C99: RED SUMINISTRO PVC 2" | D99: ML | E99: 47058 | G99: =+E99*F99 -> 0
A100: 11.3 | B100: 11 | C100: RED SUMINISTRO PVC 3/4" | D100: ML | E100: 16152 | G100: =+E100*F100 -> 0
A101: 11.31 | B101: 11.1 | C101: RED SANITARIA PVC-S 2" | D101: ML | E101: 40526 | F101: 8 | G101: =+E101*F101 -> 324208
...

Sheet PRESUPUESTO V2
A1: PRESUPUESTO ADECUACIÓN TERMALES | K1: SPA | L1: RESTAURANTE EXT
A2: TIPO DE OBRA: | B2: MEJORAMIENTO Y/O ADECUACIÓN TERMALES-TABIO | K2: SPA | L2: RESTAURANTE EXT | M2: VESTIRES | N2: cocina | O2: =3.11*10.38 -> 32.2818
A3: OBJETO: | B3: MEJORAMIENTO Y/O ADECUACIÓN DE COCINA, AREAS SOCIALES , BAÑOS Y DUCHAS Y TUBERÍA DE TURCOS DEL BALANEARIO TERMALES DEL ZIPA MUNICIPIO DE TABIO CUNDINAMARCA | L3: COCINA | N3: dem. Enchpe | O3: =2.24*9.26 -> 20.7424
L4: COCINA
A5: ÍTEM | B5: DESCRIPCIÓN | C5: UNIDAD | D5: VALOR UNITARIO | E5: CANTIDAD | F5: VALOR TOTAL | N5: dem. Muro taquilla
A6: 1 | B6: PRELIMINARES | N6: ancho | O6: altura | P6: total
A7: 1.9 | B7: DEMOLICIÓN ESCALERAS EN CONCRETO | C7: M2 | D7: 101530 | E7: =+'Memorias Termales'!I13 -> 2.61 | F7: =+D7*E7 -> 264993.3 | J7: MATERAS | N7: 1.4 | O7: 1.2 | P7: =N7*O7 -> 1.68
A8: 1.1 | B8: DEMOLICIÓN BALDOSA DE PISO H=0.02 M | C8: M2 | D8: 13166 | E8: =+'Memorias Termales'!I22 -> 30 | F8: =+D8*E8 -> 394980
A9: 1.12 | B9: DEMOLICIÓN ENCHAPE MURO | C9: M2 | D9: 14116 | E9: =O3 -> 20.7424 | F9: =+D9*E9 -> 292799.72
A10: 1.14 | B10: DEMOLICIÓN CIELO RASO FALSO | C10: M2 | D10: 19539 | E10: =+'Memorias Termales'!I41 -> 74.4 | F10: =+D10*E10 -> 1453701.6
A11: 1.16 | B11: DEMOLICIÓN MUROS EN MAMPOSTERÍA 0.15 M | C11: M2 | D11: 26178 | E11: =P7 -> 1.68 | F11: =+D11*E11 -> 43979.04
A12: 1.17 | B12: DEMOLICIÓN MUROS EN MAMAPOSTERÍA 0.25 M | C12: M2 | D12: 34942 | E12: =+'Memorias Termales'!I50 -> 18.24 | F12: =+D12*E12 -> 637342.08
A13: 1.32 | B13: DESMONTE APARATOS SANITARIOS | C13: UN | D13: 40253 | E13: =+'Memorias Termales'!I59 -> 19 | F13: =+D13*E13 -> 764807
A14: APU 012 | B14: DESMONTE CERRAMIENTO EXISITENTE PISCINAS | C14: M2 | D14: 2120 | E14: 120 | F14: =+D14*E14 -> 254400
A15: APU 011 | B15: DESMONTE DIVISIONES Y/O PANELES EN VIDRIO TEMPLADO | C15: M2 | D15: 22500 | E15: 28.36 | F15: =+D15*E15 -> 638100
A16: 2 | B16: CIMIENTOS | L16: RESTAURANTE EXT
A17: 2.7 | B17: VIGA DE AMARRE EN CONCRETO 3500 PSI | C17: M3 | D17: 974310 | E17: 3.5 | F17: =+D17*E17 -> 3410085
A18: 2.8 | B18: ZAPATAS EN CONCRETO 3500 PSI | C18: M3 | D18: 885987 | E18: 4 | F18: =+D18*E18 -> 3543948
A19: 3 | B19: DESAGÜES E INSTALACIONES SUBTERRÁNEAS
A20: 3.1 | B20: SIFÓN PARA DRENAJE EN PVC DE 4" | C20: UN | D20: 61823 | E20: =+'Memorias Termales'!R13 -> 7 | F20: =+D20*E20 -> 432761
A21: 3.5 | B21: CAJA DE INSPECCIÓN DE 60X60 | C21: UN | D21: 350322 | E21: =+'Memorias Termales'!R22 -> 2 | F21: =+D21*E21 -> 700644
A22: 3.11 | B22: TUBERÍA DRENAJE PVC 110 | C22: ML | D22: 33857 | E22: =+'Memorias Termales'!R31 -> 23 | F22: =+D22*E22 -> 778711 | J22: DESCRIP. | K22: ANCHO | L22: LONGITUD | M22: TOTAL
A23: 4 | B23: ESTRUCTURAS EN CONCRETO | J23: MATERA 1 SENTIDO 1 | K23: 0.8 | L23: 13.3 | M23: =K23*L23 -> 10.64
A24: 4.19 | B24: PASOS PREFABRICADOS ESCALERAS EN CONRETO 2500 PSI (ANCHO 1 M) | C24: UN | D24: 93495 | E24: =+'Memorias Termales'!R41 -> 18 | F24: =+D24*E24 -> 1682910 | J24: MATERA 1 SENTIDO 2 | M24: =K24*L24 -> 0
A25: 4.23 | B25: REFUERZO MALLA ELECTROSOLDADA | C25: KG | D25: 10980 | E25: =+'Memorias Termales'!R50 -> 348.82 | F25: =+D25*E25 -> 3830043.6 | J25: MATERA 1 SENTIDO 3 | M25: =K25*L25 -> 0
A26: 4.22 | B26: ACERO FIGURADO 60000 PSI | C26: KG | D26: 8378 | E26: 136 | F26: =+D26*E26 -> 1139408
A27: APU 001 | B27: VIGUETAS Y COLUMNETAS INCLUYE ACERO DE REFUERZO | C27: ML | D27: 78686.55 | E27: =L162 -> 39.72 | F27: =+D27*E27 -> 3125429.8 | J27: MATERA 1 SENTIDO 4 | M27: =K27*L27 -> 0
A28: 5 | B28: MAMPOSTERÍA | J28: MATERA 1 SENTIDO 5 | M28: =K28*L28 -> 0
A29: 5.8 | B29: MESONES EN CONCRETO 2500 PSI, E=0.1M (INC. REFUERZO) | C29: M2 | D29: 152916 | E29: =+'Memorias Termales'!R54 -> 8.68 | F29: =+D29*E29 -> 1327310.9 | J29: MATERA 1 SENTIDO 6 | M29: =K29*L29 -> 0
A30: 5.17 | B30: MURO EN BLOQUE Nº 5 E=0.12 M | C30: M2 | D30: 63051 | E30: =+'Memorias Termales'!AA31 -> 58.79 | F30: =+D30*E30 -> 3706768.3 | J30: MATERA 1 SENTIDO 7 | M30: =K30*L30 -> 0
A31: 5.18 | B31: MURO EN BLOQUE No. 5 E=0.12 (LINEAL) | C31: ML | D31: 40263 | E31: =+'Memorias Termales'!AA22 -> 47.6 | F31: =+D31*E31 -> 1916518.8 | J31: MATERA 1 SENTIDO 8 | M31: =K31*L31 -> 0
A32: 5.37 | B32: MURO TOLETE COMÚN 0.06 M | C32: M2 | D32: 56307 | E32: =+'Memorias Termales'!AA31 -> 58.79 | F32: =+D32*E32 -> 3310288.5 | J32: MATERA 1 SENTIDO 9 | M32: =K32*L32 -> 0
A33: 5.38 | B33: MURO TOLETE COMÚN 0.06 M (LINEAL) | C33: ML | D33: 36380 | E33: =+'Memorias Termales'!AA41 -> 59.6 | F33: =+D33*E33 -> 2168248 | J33: MATERA 1 SENTIDO 10 | M33: =K33*L33 -> 0
A34: 5.54 | B34: ANCLAJE 1/2" | C34: UN | D34: 20531 | E34: =12*4 -> 48 | F34: =+D34*E34 -> 985488
A35: 5.52 | B35: DOVELA, GROUTING 3000 PSI | C35: ML | D35: 9040 | E35: =+'Memorias Termales'!AA50 -> 42 | F35: =+D35*E35 -> 379680 | J35: MATERA 1 SENTIDO 11 | M35: =K35*L35 -> 0
A36: 6 | B36: PAÑETES, REVOQUES Y REPELLOS | J36: MATERA 1 SENTIDO 12 | M36: =K36*L36 -> 0
A37: 6.1 | B37: ENTRAMADO MADERA CIELO RASO | C37: M2 | D37: 34131 | E37: =+'Memorias Termales'!AA59 -> 36 | F37: =+D37*E37 -> 1228716 | J37: MATERA 1 SENTIDO 13 | M37: =K37*L37 -> 0
A38: 6.2 | B38: FILOS O DILATACIONES B/PLACA | C38: ML | D38: 7688 | E38: =+'Memorias Termales'!AJ13 -> 13 | F38: =+D38*E38 -> 99944 | J38: MATERA 1 SENTIDO 14 | M38: =K38*L38 -> 0
A39: 6.6 | B39: MALLA BAJO ENTRAMADO | C39: M2 | D39: 18314 | E39: =+'Memorias Termales'!AJ31 -> 36 | F39: =+D39*E39 -> 659304 | J39: MATERA 1 SENTIDO 15 | M39: =K39*L39 -> 0
A40: 6.15 | B40: PAÑETE IMPERMEABILIZADO MUROS 1:3, E=1.5 CM | C40: M2 | D40: 33310 | E40: =+'Memorias Termales'!AJ41 -> 72 | F40: =+D40*E40 -> 2398320 | J40: MATERA 1 SENTIDO 2 | K40: 0.8 | L40: 2.7 | M40: =K40*L40 -> 2.16
A41: 6.16 | B41: PAÑETE IMPERMEABILIZADO MUROS 1:3, E=1.5 CM (LINEAL) | C41: ML | D41: 22875 | E41: =+(1.5+2)*12 -> 42 | F41: =+D41*E41 -> 960750 | M41: =K41*L41 -> 0
A42: 6.17 | B42: PAÑETE LISO MUROS 1:4, E=1.5 CM | C42: M2 | D42: 27939 | E42: =+'Memorias Termales'!AJ50 -> 129.2 | F42: =+D42*E42 -> 3609718.8 | M42: =K42*L42 -> 0
A43: 6.18 | B43: PAÑETE LISO MUROS 1:4, E=1.5 CM (LINEAL) | C43: ML | D43: 18412 | E43: 20 | F43: =+D43*E43 -> 368240 | M43: =K43*L43 -> 0
A44: 7 | B44: CUBIERTAS | M44: =K44*L44 -> 0
A45: 7.2 | B45: TEJA EN LÁMINA GALVANIZADA CAL 26 PINTADA | C45: M2 | D45: 77837 | E45: =+'Memorias Termales'!AS22 -> 72 | F45: =+D45*E45 -> 5604264 | M45: =K45*L45 -> 0
A46: 7.32 | B46: ESTRUCTURA METÁLICA PARA TEJA DE FIBROCEMENTO (TUBO ESTRUCTURAL ABIERTO 4"x2", 15 MM) | C46: M2 | D46: 92924 | E46: =+'Memorias Termales'!AS31 -> 72 | F46: =+D46*E46 -> 6690528 | J46: MATERA 2 SENTIDO 1 | K46: 0.8 | L46: 3.5 | M46: =K46*L46 -> 2.8
A47: 7.4 | B47: CUBIERTA EN POLICARBONATO ALVEOLAR | C47: M2 | D47: 205605 | E47: =+'Memorias Termales'!AS41 -> 72 | F47: =+D47*E47 -> 14803560 | J47: MATERA 2 SENTIDO 2 | K47: 0.8 | L47: 2.8 | M47: =K47*L47 -> 2.24
A48: 7.41 | B48: CORTASOL TIPO CELOSCREEN 110-M1, PASO 200 | C48: M2 | D48: 403908 | E48: =+'Memorias Termales'!AS50 -> 75 | F48: =+D48*E48 -> 30293100 | M48: =SUM(M23:M47) -> 17.84
A49: 8 | B49: MORTEROS Y CONCRETOS
A50: 8.4 | B50: CONCRETO 2500 PSI | C50: M3 | D50: 432513 | E50: =+'Memorias Termales'!AS59 -> 3.6 | F50: =+D50*E50 -> 1557046.8
A51: 9 | B51: CARPINTERÍA EN MADERA
A52: 9.18 | B52: CERRADURA DE ENTRADA PRINCIPAL | C52: UN | D52: 177248 | E52: 2 | F52: =+D52*E52 -> 354496
A53: 9.25 | B53: VIDRIO ESMERILADO INCOLORO 4 MM | C53: M2 | D53: 98343 | E53: =12*3 -> 36 | F53: =+D53*E53 -> 3540348
A54: 10 | B54: CARPINTERÍA METÁLICA
A55: 10.2 | B55: CELOSÍA ALUMINIO 100CM X 60 CM | C55: M2 | D55: 334108 | E55: =12*0.8 -> 9.6 | F55: =+D55*E55 -> 3207436.8
A56: 10.5 | B56: MARCO TAPA CAJA DE INSPECCIÓN | C56: UN | D56: 273566 | E56: 3 | F56: =+D56*E56 -> 820698
A57: 10.1 | B57: CERRAMIENTO MALLA ESLABONADA C. 10 INC. ÁNGULO (PARAL EN TUBO ESTRUCTURAL GALVANIZADO 2") | C57: M2 | D57: 161347 | E57: =2.4*2 -> 4.8 | F57: =+D57*E57 -> 774465.6
A58: 10.18 | B58: SUMINISTRO E INSTALACIÓN TEMPLETES 3/8" INC. ANTICORROSIVO | C58: ML | D58: 10278 | E58: 13.6 | F58: =+D58*E58 -> 139780.8 | K58: BAÑO | L58: COCINA
A59: 10.19 | B59: VENTANA EN ALUMINIO CORREDIZA | C59: M2 | D59: 406295 | E59: =O152 -> 6.345 | F59: =+D59*E59 -> 2577941.8
A60: 10.7 | B60: PUERTA EN LÁMINA CAL 18 INC. ANTICORROSIVO | C60: M2 | D60: 337093 | E60: =4*2 -> 8 | F60: =+D60*E60 -> 2696744
A61: 10.4 | B61: MARCO PARA PUERTA EN LÁMINA CAL 18 -0.8 | C61: UN | D61: 234062 | E61: 2 | F61: =+D61*E61 -> 468124
A62: 10.24 | B62: CELOSÍA TUBULAR PARA POLIDEPORTIVO, ASTM-4500 GRADO C, INCLUYE:CORREAS, CONTRAVIENTOS, TENSORES, COLUMNAS ,VIGAS DE AMARRE, ANCLAJES, TORNILLERÍA, PINTURA Y PLATINERÍA.CONTEMPLA TAMBIEN:FABRICACIÓN, SUMINISTRO, MONTAJE | C62: KG | D62: 24327 | E62: 360 | F62: =+D62*E62 -> 8757720
A63: 11 | B63: INSTALACIONES HIDROSANITARIAS - RED CONTRA INCENDIO
A64: 11.1 | B64: ACOMETIDA EN PVC 1/2" 5M | C64: UN | D64: 378519 | E64: 3 | F64: =+D64*E64 -> 1135557 | K64: BAÑO | L64: COCINA
A65: 11.2 | B65: ACOMETIDA EN PVC 3/4" 5M | C65: UN | D65: 441269 | E65: 3 | F65: =+D65*E65 -> 1323807
A66: 11.6 | B66: BAJANTE AGUAS RESIDUALES PVC 4" | C66: ML | D66: 72446 | E66: 16 | F66: =+D66*E66 -> 1159136
A67: 11.9 | B67: INSTALACIÓN APARATO SANITARIO | C67: UN | D67: 89480 | E67: 8 | F67: =+D67*E67 -> 715840
A68: 11.1 | B68: INSTALACIÓN BOMBAS AGUA | C68: UN | D68: 1255752 | E68: 2 | F68: =+D68*E68 -> 2511504
A69: 11.11 | B69: INSTALACIÓN EQUIPO HIDRONEUMÁTICO | C69: UN | D69: 2585372 | E69: 1 | F69: =+D69*E69 -> 2585372
A70: 11.12 | B70: LLAVE MANGUERA | C70: UN | D70: 60440 | E70: 3 | F70: =+D70*E70 -> 181320 | K70: BAÑO | L70: COCINA
A71: 11.15 | B71: PUNTO AGUA CALIENTE CPVC | C71: UN | D71: 145429 | E71: 1 | F71: =+D71*E71 -> 145429
A72: 11.16 | B72: PUNTO HIDRÁULICO PVC-P/PARAL 1/2" | C72: UN | D72: 114309 | E72: 3 | F72: =+D72*E72 -> 342927 | J72: SPA | K72: RESTAURANTE EXT
A73: 11.26 | B73: RED SUMINISTRO PVC 1" | C73: ML | D73: 23010 | E73: 20 | F73: =+D73*E73 -> 460200
A74: 11.27 | B74: RED SUMINISTRO PVC 1/2" | C74: ML | D74: 14209 | E74: 35 | F74: =+D74*E74 -> 497315
A75: 11.31 | B75: RED SANITARIA PVC-S 2" | C75: ML | D75: 40526 | E75: 8 | F75: =+D75*E75 -> 324208
A76: 11.33 | B76: RED SANITARIA PVC-S 4" | C76: ML | D76: 74427 | E76: 6 | F76: =+D76*E76 -> 446562
A77: 11.35 | B77: REGISTRO 1" | C77: UN | D77: 163293 | E77: 3 | F77: =+D77*E77 -> 489879 | I77: APU
A78: 11.36 | B78: REGISTRO 1/2" | C78: UN | D78: 92022 | E78: 3 | F78: =+D78*E78 -> 276066
A79: 11.53 | B79: PUNTO HIDRÁULICO PARA ROCIADOR AUTOMÁTICO 1/2" | C79: UN | D79: 102893 | E79: 1 | F79: =+D79*E79 -> 102893 | K79: Restaurante
A80: 12 | B80: INSTALACIONES ELÉCTRICAS
A81: 12.2 | B81: SALIDA LÁMPARA TOMA PVC COMPLETA | C81: UN | D81: 105215 | E81: 12 | F81: =+D81*E81 -> 1262580 | J81: AREA 1 TRAPECIO | K81: =((2+14.81)/2)*6.84 -> 57.4902 | L81: AREA 2 TRIANGULO | M81: =(13.21*7)/2 -> 46.235
A82: 12.9 | B82: SALIDA TOMA DOBLE PVC COMPLETA | C82: UN | D82: 100949 | E82: 6 | F82: =+D82*E82 -> 605694 | J82: TOTAL | K82: =K81*2 -> 114.9804 | L82: TOTAL | M82: =M81*2 -> 92.47
A83: 12.13 | B83: TABLERO PARCIAL 4 CIRCUITOS | C83: UN | D83: 150329 | E83: 1 | F83: =+D83*E83 -> 150329
A84: 12.17 | B84: TUBERÍA PVC CONDUIT 3/4" | C84: ML | D84: 3930 | E84: 48 | F84: =+D84*E84 -> 188640
A85: 13 | B85: PISOS BASES
A86: 13.4 | B86: ALISTADO PISOS 1:3, E=0.04 | C86: M2 | D86: 36214 | E86: =+'Memorias Termales'!BB22 -> 174.19 | F86: =+D86*E86 -> 6308116.7 | K86: TOTAL AREA CIELO RASO | L86: =K82+M82 -> 207.4504
A87: 13.7 | B87: CONCRETO BASE GRADAS 2500 PSI | C87: M2 | D87: 90241 | E87: 3 | F87: =+D87*E87 -> 270723
A88: 13.8 | B88: CONCRETO ESTRIADO RAMPAS 2500 PSI | C88: M2 | D88: 107225 | E88: 2.3 | F88: =+D88*E88 -> 246617.5
A89: 13.16 | B89: TRITURADO GRUESO 3/4 | C89: M3 | D89: 120132 | E89: =130*0.3*0.4 -> 15.6 | F89: =+D89*E89 -> 1874059.2
A90: 13.13 | B90: PLACA BASE CONCRETO 0.10 2500 PSI | C90: M2 | D90: 74068 | E90: =+'Memorias Termales'!BB50 -> 174.19 | F90: =+D90*E90 -> 12901905
A91: 14 | B91: PISOS,ACABADOS,ENCHAPES Y ACCESORIOS
A92: 14.1 | B92: BALDOSA CERÁMICA PISO-PARED 20X20 CALIDAD PRIMERA | C92: M2 | D92: 86582 | E92: =+'Memorias Termales'!BB31 -> 234.48 | F92: =+D92*E92 -> 20301747
A93: 14.2 | B93: BALDOSA CERÁMICA PISO-PARED 20X20 CALIDAD PRIMERA (LINEAL) | C93: ML | D93: 58319 | E93: 38 | F93: =+D93*E93 -> 2216122
A94: 14.3 | B94: JUEGOS INCRUSTAR (INCLUYE TOALLERO,PORTA ROLLO, JABONERA,CEPILLERA Y PERCHA SIMPLE) | C94: UN | D94: 186898 | E94: 2 | F94: =+D94*E94 -> 373796
A95: 14.32 | B95: REJILLA SIFÓN CON SOSCO 4.5CM X 3.5CM | C95: UN | D95: 36570 | E95: 3 | F95: =+D95*E95 -> 109710
A96: 14.37 | B96: TAPA REGISTRO 20X20 | C96: UN | D96: 31862 | E96: 2 | F96: =+D96*E96 -> 63724
A97: 14.41 | B97: CERÁMICA PISO TRÁFICO 5, CALIDAD PRIMERA | C97: M2 | D97: 105070 | E97: =+'Memorias Termales'!BB59 -> 174.19 | F97: =+D97*E97 -> 18302143
A98: APU 002 | B98: GRIFERIA PARA LAVAPLATOS | C98: UN | D98: 221476 | E98: 2 | F98: =+D98*E98 -> 442952
A99: 15 | B99: CIELO RASO
A100: 15.1 | B100: CIELO RASO EN PVC e=8 mm (INCLUYE ESTRUCTURA DE APOYO) | C100: M2 | D100: 88734 | E100: =L86 -> 207.4504 | F100: =+D100*E100 -> 18407904 | J100: RETIRO DE TIERRA DE MATERAS
...

Sheet Memorias Termales
A2: MEMORIAS DE CANTIDADES | J2: MEMORIAS DE CANTIDADES | S2: MEMORIAS DE CANTIDADES | AB2: MEMORIAS DE CANTIDADES | AK2: MEMORIAS DE CANTIDADES | AT2: MEMORIAS DE CANTIDADES
A4: ITEM | B4: ACTIVIDAD | I4: UNIDAD | J4: ITEM | K4: ACTIVIDAD | R4: UNIDAD | S4: ITEM | T4: ACTIVIDAD | AA4: UNIDAD | AB4: ITEM | AC4: ACTIVIDAD | AJ4: UNIDAD | AK4: ITEM | AL4: ACTIVIDAD | AS4: UNIDAD | AT4: ITEM | AU4: ACTIVIDAD | BB4: UNIDAD
A5: 1.9 | B5: =+'Cotización Termales'!C16 -> DEMOLICIÓN ESCALERAS EN CONCRETO | I5: =+'Cotización Termales'!D16 -> M2 | J5: 3.1 | K5: =+'Cotización Termales'!C71 -> SIFÓN PARA DRENAJE EN PVC DE 4" | R5: =+'Cotización Termales'!D71 -> UN | S5: 5.17 | T5: =+'Cotización Termales'!C123 -> MURO EN BLOQUE Nº 5 E=0.12 M | AA5: =+'Cotización Termales'!D123 -> M2 | AB5: 6.2 | AC5: =+'Cotización Termales'!C167 -> FILOS O DILATACIONES B/PLACA | AJ5: =+'Cotización Termales'!D167 -> ML | AK5: 7.13 | AL5: =+'Cotización Termales'!C208 -> CANAL PVC AMAZONAS | AS5: =+'Cotización Termales'!D208 -> ML | AT5: 10.15 | AU5: =+'Cotización Termales'!C301 -> DIVISIÓN PARA BAÑO EN ACERO INOXIDABLE 304 CAL.20 (INCLUYE PUERTAS Y ACCESORIOS) | BB5: =+'Cotización Termales'!U167 -> 0
A6: CANTIDADES DE OBRA | J6: CANTIDADES DE OBRA | S6: CANTIDADES DE OBRA | AB6: CANTIDADES DE OBRA | AK6: CANTIDADES DE OBRA | AT6: CANTIDADES DE OBRA
A7: ITEM | B7: DESCRIPCION | C7: ANCHO | D7: LARGO | E7: PROFUNDIDAD | F7: CANT | I7: TOTAL | J7: ITEM | K7: DESCRIPCION | L7: ANCHO | M7: LARGO | N7: PROFUNDIDAD | O7: CANT | R7: TOTAL | S7: ITEM | T7: DESCRIPCION | U7: ANCHO | V7: LARGO | W7: PROFUNDIDAD | X7: CANT | AA7: TOTAL | AB7: ITEM | AC7: DESCRIPCION | AD7: ANCHO | AE7: LARGO | AF7: PROFUNDIDAD | AG7: CANT | AJ7: TOTAL | AK7: ITEM | AL7: DESCRIPCION | AM7: ANCHO | AN7: LARGO | AO7: PROFUNDIDAD | AP7: CANT | AS7: TOTAL | AT7: ITEM | AU7: DESCRIPCION | AV7: ANCHO | AW7: LARGO | AX7: PROFUNDIDAD | AY7: CANT | BB7: TOTAL
B8: SPA | C8: 0.3 | D8: 1.3 | F8: 3 | I8: =+C8*D8*F8 -> 1.17 | K8: Baños | O8: 3 | R8: =O8 -> 3 | T8: Baño | U8: 1.5 | V8: 2 | X8: 12 | AA8: =U8*V8*X8 -> 36 | AC8: Placa Kiosco | AD8: 4 | AE8: =+(3)*2 -> 6 | AG8: 3 | AJ8: =+AD8+AE8+AG8 -> 13 | AL8: Kiosco | AM8: 4 | AN8: =+(3)*2 -> 6 | AP8: 3 | AS8: =+AM8+AN8+AP8 -> 13 | AU8: Baños | AV8: 0.7 | AW8: 1.5 | AY8: 9 | BB8: =+AV8+AW8+AY8 -> 11.2
B9: RESTAURANTE EXT | C9: 0.3 | D9: 1.6 | F9: 3 | I9: =C9*D9*F9 -> 1.44 | K9: Cocina | O9: 2 | R9: =O9 -> 2 | T9: Mochetas mesones | U9: 0.7 | V9: 0.95 | X9: 6 | AA9: =U9*V9*X9 -> 3.99 | AJ9: =AD9*AE9*AG9 -> 0 | BB9: =AV9*AW9*AY9 -> 0
I10: =C10*D10*F10 -> 0 | K10: Kiosco | O10: 2 | R10: =O10 -> 2 | T10: Pedestales duchas | U10: =0.4*4 -> 1.6 | V10: 2.35 | X10: 5 | AA10: =U10*V10*X10 -> 18.8 | AJ10: =AD10*AE10*AG10 -> 0 | BB10: =AV10*AW10*AY10 -> 0
I11: =C11*D11*F11 -> 0 | R11: =L11*M11*O11 -> 0 | AA11: =U11*V11*X11 -> 0 | AJ11: =AD11*AE11*AG11 -> 0 | BB11: =AV11*AW11*AY11 -> 0
I12: =C12*D12*F12 -> 0 | R12: =L12*M12*O12 -> 0 | AA12: =U12*V12*X12 -> 0 | AJ12: =AD12*AE12*AG12 -> 0 | AS12: =AM12*AN12*AP12 -> 0 | BB12: =AV12*AW12*AY12 -> 0
A13: TOTAL | I13: =SUM(I8:I12) -> 2.61 | J13: TOTAL | R13: =SUM(R8:R12) -> 7 | S13: TOTAL | AA13: =SUM(AA8:AA12) -> 58.79 | AB13: TOTAL | AJ13: =SUM(AJ8:AJ12) -> 13 | AK13: TOTAL | AS13: =SUM(AS8:AS12) -> 13 | AT13: TOTAL | BB13: =SUM(BB8:BB12) -> 11.2
A14: 1.1 | B14: =+'Cotización Termales'!C17 -> DEMOLICIÓN BALDOSA DE PISO H=0.02 M | I14: =+'Cotización Termales'!D17 -> M2 | J14: 3.5 | K14: =+'Cotización Termales'!C75 -> CAJA DE INSPECCIÓN DE 60X60 | R14: =+'Cotización Termales'!D75 -> UN | S14: 5.18 | T14: =+'Cotización Termales'!C124 -> MURO EN BLOQUE No. 5 E=0.12 (LINEAL) | AA14: =+'Cotización Termales'!D124 -> ML | AB14: 6.5 | AC14: =+'Cotización Termales'!C170 -> IMPERMEABILIZACIÓN INTEGRAL MORTERO SIKA | AJ14: =+'Cotización Termales'!D170 -> M2 | AK14: 7.2 | AL14: =+'Cotización Termales'!C215 -> TEJA EN LÁMINA GALVANIZADA CAL 26 PINTADA | AS14: =+'Cotización Termales'!D215 -> M2 | AT14: 13.4 | AU14: =+'Cotización Termales'!C419 -> ALISTADO PISOS 1:3, E=0.04 | BB14: =+'Cotización Termales'!D419 -> M2
A15: CANTIDADES DE OBRA | J15: CANTIDADES DE OBRA | S15: CANTIDADES DE OBRA | AB15: CANTIDADES DE OBRA | AK15: CANTIDADES DE OBRA | AT15: CANTIDADES DE OBRA
A16: ITEM | B16: DESCRIPCION | C16: ANCHO | D16: LARGO | E16: PROFUNDIDAD | F16: CANT | I16: TOTAL | J16: ITEM | K16: DESCRIPCION | L16: ANCHO | M16: LARGO | N16: PROFUNDIDAD | O16: CANT | R16: TOTAL | S16: ITEM | T16: DESCRIPCION | U16: ANCHO | V16: LARGO | W16: PROFUNDIDAD | X16: CANT | AA16: TOTAL | AB16: ITEM | AC16: DESCRIPCION | AD16: ANCHO | AE16: LARGO | AF16: PROFUNDIDAD | AG16: CANT | AJ16: TOTAL | AK16: ITEM | AL16: DESCRIPCION | AM16: ANCHO | AN16: LARGO | AO16: PROFUNDIDAD | AP16: CANT | AS16: TOTAL | AT16: ITEM | AU16: DESCRIPCION | AV16: ANCHO | AW16: LARGO | AX16: PROFUNDIDAD | AY16: CANT | BB16: TOTAL
B17: COCINA | C17: 10 | D17: 3 | F17: 1 | I17: =+C17*D17 -> 30 | K17: Piscina | O17: 1 | R17: =O17 -> 1 | T17: Baños | V17: 13.6 | X17: 1 | AA17: =+V17*X17 -> 13.6 | AC17: Muro Bajo Cubierta Piscina Termal | AD17: 1.2 | AE17: 10.78 | AG17: 1 | AL17: Kiosco | AM17: 4 | AN17: =+(3)*2 -> 6 | AP17: 3 | AS17: =+AM17*AN17*AP17 -> 72 | AU17: Restaurante Exterior Matera | AV17: 3.3 | AW17: 13.3 | AY17: 1 | BB17: =+AV17*AW17 -> 43.89
B18: VESTIER ZONA 1 | C18: 20.8 | D18: 3.8 | K18: Cocina | O18: 1 | R18: 1 | T18: Lockers | V18: 9.8 | X18: 1 | AA18: =+V18*X18 -> 9.8 | AJ18: =AD18*AE18*AG18 -> 0 | AU18: Restaurante Exterior Matera | AV18: 3.5 | AW18: 2.8 | AY18: 1 | BB18: =AV18*AW18*AY18 -> 9.8
B19: VESTIER ZONA 2 | C19: 9.7 | D19: 3.8 | R19: =L19*M19*O19 -> 0 | T19: Cocina | V19: 6.2 | X19: 1 | AA19: =+V19*X19 -> 6.2 | AJ19: =AD19*AE19*AG19 -> 0 | AU19: Kioscos | AV19: 6 | AW19: 6 | AY19: 3 | BB19: =AV19*AW19*AY19 -> 108
I20: =C20*D20*F20 -> 0 | R20: =L20*M20*O20 -> 0 | T20: Plataforma Kiosco | V20: 6 | X20: 3 | AA20: =+V20*X20 -> 18 | AJ20: =AD20*AE20*AG20 -> 0 | AU20: Duchas | AV20: 2.5 | AW20: 2.5 | AY20: 2 | BB20: =AV20*AW20*AY20 -> 12.5
I21: =C21*D21*F21 -> 0 | R21: =L21*M21*O21 -> 0 | AA21: =U21*V21*X21 -> 0 | AJ21: =AD21*AE21*AG21 -> 0 | AS21: =AM21*AN21*AP21 -> 0 | BB21: =AV21*AW21*AY21 -> 0
A22: TOTAL | I22: =SUM(I17:I21) -> 30 | J22: TOTAL | R22: =SUM(R17:R21) -> 2 | S22: TOTAL | AA22: =SUM(AA17:AA21) -> 47.6 | AB22: TOTAL | AJ22: =SUM(AJ17:AJ21) -> 0 | AK22: TOTAL | AS22: =SUM(AS17:AS21) -> 72 | AT22: TOTAL | BB22: =SUM(BB17:BB21) -> 174.19
A23: 1.12 | B23: =+'Cotización Termales'!C18 -> DEMOLICIÓN ENCHAPE MURO | I23: =+'Cotización Termales'!D18 -> M2 | J23: 3.11 | K23: =+'Cotización Termales'!C81 -> TUBERÍA DRENAJE PVC 110 | R23: =+'Cotización Termales'!D81 -> ML | S23: 5.37 | T23: =+'Cotización Termales'!C143 -> MURO TOLETE COMÚN 0.06 M | AA23: =+'Cotización Termales'!D143 -> M2 | AB23: 6.6 | AC23: =+'Cotización Termales'!C171 -> MALLA BAJO ENTRAMADO | AJ23: =+'Cotización Termales'!D171 -> M2 | AK23: 7.32 | AL23: =+'Cotización Termales'!C225 -> ESTRUCTURA METÁLICA PARA TEJA DE FIBROCEMENTO (TUBO ESTRUCTURAL ABIERTO 4"x2", 15 MM) | AS23: =+'Cotización Termales'!D225 -> M2 | AT23: 14.1 | AU23: =+'Cotización Termales'!C434 -> BALDOSA CERÁMICA PISO-PARED 20X20 CALIDAD PRIMERA | BB23: =+'Cotización Termales'!D434 -> M2
A24: CANTIDADES DE OBRA | J24: CANTIDADES DE OBRA | S24: CANTIDADES DE OBRA | AB24: CANTIDADES DE OBRA | AK24: CANTIDADES DE OBRA | AT24: CANTIDADES DE OBRA
A25: ITEM | B25: DESCRIPCION | C25: ANCHO | D25: LARGO | E25: PROFUNDIDAD | F25: CANT | I25: TOTAL | J25: ITEM | K25: DESCRIPCION | L25: ANCHO | M25: LARGO | N25: PROFUNDIDAD | O25: CANT | R25: TOTAL | S25: ITEM | T25: DESCRIPCION | U25: ANCHO | V25: LARGO | W25: PROFUNDIDAD | X25: CANT | AA25: TOTAL | AB25: ITEM | AC25: DESCRIPCION | AD25: ANCHO | AE25: LARGO | AF25: PROFUNDIDAD | AG25: CANT | AJ25: TOTAL | AK25: ITEM | AL25: DESCRIPCION | AM25: ANCHO | AN25: LARGO | AO25: PROFUNDIDAD | AP25: CANT | AS25: TOTAL | AT25: ITEM | AU25: DESCRIPCION | AV25: ANCHO | AW25: LARGO | AX25: PROFUNDIDAD | AY25: CANT | BB25: TOTAL
B26: COCINA | C26: 6.2 | D26: 2.2 | F26: 1 | I26: =+C26*D26 -> 13.64 | K26: Piscina | M26: 15 | O26: 1 | R26: =M26 -> 15 | T26: Baño | U26: 1.5 | V26: 2 | X26: 12 | AA26: =U26*V26*X26 -> 36 | AC26: Placas para ducha | AD26: 3 | AE26: 3 | AG26: 4 | AJ26: =+AD26*AE26*AG26 -> 36 | AL26: Kiosco | AM26: 4 | AN26: =+(3)*2 -> 6 | AP26: 3 | AS26: =+AM26*AN26*AP26 -> 72 | AU26: COCINA | AV26: 4 | AW26: 12 | BB26: =+AV26*AW26 -> 48
I27: =C27*D27*F27 -> 0 | K27: Cocina | M27: 8 | R27: =M27 -> 8 | T27: Mochetas mesones | U27: 0.7 | V27: 0.95 | X27: 6 | AA27: =U27*V27*X27 -> 3.99 | AJ27: =AD27*AE27*AG27 -> 0 | AU27: MESONES | AV27: 13.3 | AW27: 0.8 | AY27: 2 | BB27: =AV27*AW27*AY27 -> 21.28
I28: =C28*D28*F28 -> 0 | R28: =L28*M28*O28 -> 0 | T28: Pedestales duchas | U28: =0.4*4 -> 1.6 | V28: 2.35 | X28: 5 | AA28: =U28*V28*X28 -> 18.8 | AJ28: =AD28*AE28*AG28 -> 0 | AU28: Baños | AV28: 1.5 | AW28: 2 | AY28: 12 | BB28: =AV28*AW28*AY28 -> 36
I29: =C29*D29*F29 -> 0 | R29: =L29*M29*O29 -> 0 | AA29: =U29*V29*X29 -> 0 | AJ29: =AD29*AE29*AG29 -> 0 | AS29: =AM29*AN29*AP29 -> 0 | AU29: Piso Baños | AV29: 13.6 | AW29: 9.5 | BB29: =+AV29*AW29 -> 129.2
I30: =C30*D30*F30 -> 0 | R30: =L30*M30*O30 -> 0 | AA30: =U30*V30*X30 -> 0 | AJ30: =AD30*AE30*AG30 -> 0 | AS30: =AM30*AN30*AP30 -> 0 | BB30: =+AV30*AW30 -> 0
A31: TOTAL | I31: =SUM(I26:I30) -> 13.64 | J31: TOTAL | R31: =SUM(R26:R30) -> 23 | S31: TOTAL | AA31: =SUM(AA26:AA30) -> 58.79 | AB31: TOTAL | AJ31: =SUM(AJ26:AJ30) -> 36 | AK31: TOTAL | AS31: =SUM(AS26:AS30) -> 72 | AT31: TOTAL | BB31: =SUM(BB26:BB30) -> 234.48
A32: ITEM | B32: ACTIVIDAD | I32: UNIDAD | J32: ITEM | K32: ACTIVIDAD | R32: UNIDAD | S32: ITEM | T32: ACTIVIDAD | AA32: UNIDAD | AB32: ITEM | AC32: ACTIVIDAD | AJ32: UNIDAD | AK32: ITEM | AL32: ACTIVIDAD | AS32: UNIDAD | AT32: ITEM | AU32: ACTIVIDAD | BB32: UNIDAD
A33: 1.14 | B33: =+'Cotización Termales'!C19 -> DEMOLICIÓN CIELO RASO FALSO | I33: =+'Cotización Termales'!D19 -> M2 | J33: 4.19 | K33: =+'Cotización Termales'!C108 -> PASOS PREFABRICADOS ESCALERAS EN CONRETO 2500 PSI (ANCHO 1 M) | R33: =+'Cotización Termales'!D108 -> UN | S33: 5.38 | T33: =+'Cotización Termales'!C144 -> MURO TOLETE COMÚN 0.06 M (LINEAL) | AA33: =+'Cotización Termales'!D144 -> ML | AB33: 6.15 | AC33: =+'Cotización Termales'!C180 -> PAÑETE IMPERMEABILIZADO MUROS 1:3, E=1.5 CM | AJ33: =+'Cotización Termales'!D180 -> M2 | AK33: 7.4 | AL33: =+'Cotización Termales'!C233 -> CUBIERTA EN POLICARBONATO ALVEOLAR | AS33: =+'Cotización Termales'!D233 -> M2 | AT33: 15.1 | AU33: =+'Cotización Termales'!C491 -> CIELO RASO EN PVC e=8 mm (INCLUYE ESTRUCTURA DE APOYO) | BB33: =+'Cotización Termales'!D491 -> M2
A34: CANTIDADES DE OBRA | J34: CANTIDADES DE OBRA | S34: CANTIDADES DE OBRA | AB34: CANTIDADES DE OBRA | AK34: CANTIDADES DE OBRA | AT34: CANTIDADES DE OBRA
A35: ITEM | B35: DESCRIPCION | C35: ANCHO | D35: LARGO | E35: PROFUNDIDAD | F35: CANT | I35: TOTAL | J35: ITEM | K35: DESCRIPCION | L35: ANCHO | M35: LARGO | N35: PROFUNDIDAD | O35: CANT | R35: TOTAL | S35: ITEM | T35: DESCRIPCION | U35: ANCHO | V35: LARGO | W35: PROFUNDIDAD | X35: CANT | AA35: TOTAL | AB35: ITEM | AC35: DESCRIPCION | AD35: ANCHO | AE35: LARGO | AF35: PROFUNDIDAD | AG35: CANT | AJ35: TOTAL | AK35: ITEM | AL35: DESCRIPCION | AM35: ANCHO | AN35: LARGO | AO35: PROFUNDIDAD | AP35: CANT | AS35: TOTAL | AT35: ITEM | AU35: DESCRIPCION | AV35: ANCHO | AW35: LARGO | AX35: PROFUNDIDAD | AY35: CANT | BB35: TOTAL
B36: COCINA | C36: 6.2 | D36: 12 | F36: 1 | I36: =+C36*D36 -> 74.4 | K36: SPA | O36: 6 | R36: =O36 -> 6 | T36: Baños | V36: 13.6 | X36: 1 | AA36: =+V36*X36 -> 13.6 | AC36: Baño | AD36: 1.5 | AE36: 2 | AG36: 12 | AH36: 2 | AJ36: =+AD36*AE36*AG36*AH36 -> 72 | AL36: Kiosco | AM36: 4 | AN36: =+(3)*2 -> 6 | AP36: 3 | AS36: =+AM36*AN36*AP36 -> 72 | AU36: COCINA | AV36: 4 | AW36: 12 | BB36: =+AV36*AW36 -> 48
I37: =C37*D37*F37 -> 0 | K37: Restaurante | O37: 6 | R37: =O37 -> 6 | T37: Lockers | V37: 9.8 | X37: 1 | AA37: =+V37*X37 -> 9.8 | AJ37: 0 | BB37: =+AV37*AW37 -> 0
I38: =C38*D38*F38 -> 0 | K38: Kiosco /Cafetería | O38: 6 | R38: =O38 -> 6 | T38: Cocina | V38: 6.2 | X38: 1 | AA38: =+V38*X38 -> 6.2 | AJ38: =AD38*AE38*AG38 -> 0 | BB38: =+AV38*AW38 -> 0
I39: =C39*D39*F39 -> 0 | R39: =L39*M39*O39 -> 0 | T39: Plataforma Kiosco | V39: 10 | X39: 3 | AA39: =+V39*X39 -> 30 | AJ39: =AD39*AE39*AG39 -> 0 | BB39: =+AV39*AW39 -> 0
I40: =C40*D40*F40 -> 0 | R40: =L40*M40*O40 -> 0 | AA40: =U40*V40*X40 -> 0 | AJ40: =AD40*AE40*AG40 -> 0 | AS40: =AM40*AN40*AP40 -> 0 | BB40: =AV40*AW40*AY40 -> 0
A41: TOTAL | I41: =SUM(I36:I40) -> 74.4 | J41: TOTAL | R41: =SUM(R36:R40) -> 18 | S41: TOTAL | AA41: =SUM(AA36:AA40) -> 59.6 | AB41: TOTAL | AJ41: =SUM(AJ36:AJ40) -> 72 | AK41: TOTAL | AS41: =SUM(AS36:AS40) -> 72 | AT41: TOTAL | BB41: =SUM(BB36:BB40) -> 48
A42: 1.17 | B42: =+'Cotización Termales'!C22 -> DEMOLICIÓN MUROS EN MAMAPOSTERÍA 0.25 M | I42: =+'Cotización Termales'!D22 -> M2 | J42: 4.23 | K42: =+'Cotización Termales'!C112 -> REFUERZO MALLA ELECTROSOLDADA | R42: =+'Cotización Termales'!D112 -> KG | S42: 5.52 | T42: =+'Cotización Termales'!C158 -> DOVELA, GROUTING 3000 PSI | AA42: =+'Cotización Termales'!D158 -> ML | AB42: 6.17 | AC42: =+'Cotización Termales'!C182 -> PAÑETE LISO MUROS 1:4, E=1.5 CM | AJ42: =+'Cotización Termales'!D182 -> M2 | AK42: 7.41 | AL42: =+'Cotización Termales'!C234 -> CORTASOL TIPO CELOSCREEN 110-M1, PASO 200 | AS42: =+'Cotización Termales'!D234 -> M2 | AU42: =+'PRESUPUESTO V2'!B90 -> PLACA BASE CONCRETO 0.10 2500 PSI | BB42: =+'Cotización Termales'!U182 -> 0
A43: CANTIDADES DE OBRA | J43: CANTIDADES DE OBRA | S43: CANTIDADES DE OBRA | AB43: CANTIDADES DE OBRA | AK43: CANTIDADES DE OBRA | AT43: CANTIDADES DE OBRA
A44: ITEM | B44: DESCRIPCION | C44: ANCHO | D44: LARGO | E44: PROFUNDIDAD | F44: CANT | I44: TOTAL | J44: ITEM | K44: DESCRIPCION | L44: ANCHO | M44: LARGO | N44: PROFUNDIDAD | O44: CANT | P44: PESO | R44: TOTAL | S44: ITEM | T44: DESCRIPCION | U44: ANCHO | V44: LARGO | W44: PROFUNDIDAD | X44: CANT | AA44: TOTAL | AB44: ITEM | AC44: DESCRIPCION | AD44: ANCHO | AE44: LARGO | AF44: PROFUNDIDAD | AG44: CANT | AJ44: TOTAL | AK44: ITEM | AL44: DESCRIPCION | AM44: ANCHO | AN44: LARGO | AO44: PROFUNDIDAD | AP44: CANT | AS44: TOTAL | AT44: ITEM | AU44: DESCRIPCION | AV44: ANCHO | AW44: LARGO | AX44: PROFUNDIDAD | AY44: CANT | BB44: TOTAL
B45: MATERA EXTERIOR 1 | C45: =13.3+1.6+1.6 -> 16.5 | D45: 0.8 | F45: 1 | I45: =+C45*D45 -> 13.2 | K45: Restaurante Exterior Matera | L45: 3.3 | M45: 13.3 | O45: 1 | P45: 2.08 | R45: =+L45*M45*O45*P45 -> 91.2912 | T45: Kioscos | V45: 3.5 | X45: 12 | AA45: =+V45*X45 -> 42 | AC45: Cocina | AD45: 13.6 | AE45: 9.5 | AG45: 1 | AJ45: =+AD45*AE45*AG45 -> 129.2 | AL45: Kiosco Posterior | AM45: 4 | AN45: 2.5 | AP45: 3 | AS45: =+AM45*AN45*AP45 -> 30 | AU45: Restaurante Exterior Matera | AV45: 3.3 | AW45: 13.3 | AY45: 1 | BB45: =+AV45*AW45 -> 43.89
B46: MATERA EXTERIOR 2 | C46: =2.2+2.5+2.5 -> 7.2 | D46: 0.7 | F46: 1 | I46: =+C46*D46 -> 5.04 | K46: Restaurante Exterior Matera | L46: 3.5 | M46: 2.8 | O46: 1 | P46: 2.08 | R46: =+L46*M46*O46*P46 -> 20.384 | AA46: =U46*V46*X46 -> 0 | AJ46: =AD46*AE46*AG46 -> 0 | AL46: Kiosco Laterales | AM46: 3 | AN46: 2.5 | AP46: 6 | AS46: =+AM46*AN46*AP46 -> 45 | AU46: Restaurante Exterior Matera | AV46: 3.5 | AW46: 2.8 | AY46: 1 | BB46: =AV46*AW46*AY46 -> 9.8
I47: =C47*D47*F47 -> 0 | K47: Kioscos | L47: 6 | M47: 6 | O47: 3 | P47: 2.08 | R47: =+L47*M47*O47*P47 -> 224.64 | AA47: =U47*V47*X47 -> 0 | AJ47: =AD47*AE47*AG47 -> 0 | AU47: Kioscos | AV47: 6 | AW47: 6 | AY47: 3 | BB47: =AV47*AW47*AY47 -> 108
I48: =C48*D48*F48 -> 0 | K48: Duchas | L48: 2.5 | M48: 2.5 | O48: 2 | P48: 2.08 | R48: =L48*M48*O48 -> 12.5 | AA48: =U48*V48*X48 -> 0 | AJ48: =AD48*AE48*AG48 -> 0 | AS48: =AM48*AN48*AP48 -> 0 | AU48: Duchas | AV48: 2.5 | AW48: 2.5 | AY48: 2 | BB48: =AV48*AW48*AY48 -> 12.5
I49: =C49*D49*F49 -> 0 | R49: =L49*M49*O49 -> 0 | AA49: =U49*V49*X49 -> 0 | AJ49: =AD49*AE49*AG49 -> 0 | AS49: =AM49*AN49*AP49 -> 0 | BB49: =AV49*AW49*AY49 -> 0
A50: TOTAL | I50: =SUM(I45:I49) -> 18.24 | J50: TOTAL | R50: =ROUND(SUM(R45:R49),2) -> 348.82 | S50: TOTAL | AA50: =SUM(AA45:AA49) -> 42 | AB50: TOTAL | AJ50: =SUM(AJ45:AJ49) -> 129.2 | AK50: TOTAL | AS50: =SUM(AS45:AS49) -> 75 | AT50: TOTAL | BB50: =SUM(BB45:BB49) -> 174.19
A51: 1.32 | B51: =+'Cotización Termales'!C37 -> DESMONTE APARATOS SANITARIOS | I51: =[90]H1!E61 -> UND | J51: 5.8 | K51: =+'Cotización Termales'!C114 -> MESONES EN CONCRETO 2500 PSI, E=0.1M (INC. REFUERZO) | R51: =+'Cotización Termales'!D114 -> M2 | S51: 6.1 | T51: =+'Cotización Termales'!C166 -> ENTRAMADO MADERA CIELO RASO | AA51: =+'Cotización Termales'!D166 -> M2 | AB51: 7.3 | AC51: =+'Cotización Termales'!C198 -> BAJANTE PVC (AMAZONAS, RAINGO) | AJ51: =[90]H1!AF61 -> 0 | AK51: 8.24 | AL51: =+'Cotización Termales'!C243 -> CONCRETO 2500 PSI | AS51: =+'Cotización Termales'!U166 -> 0 | AU51: =+'PRESUPUESTO V2'!B97 -> CERÁMICA PISO TRÁFICO 5, CALIDAD PRIMERA | BB51: =[90]H1!AX61 -> 0
A52: CANTIDADES DE OBRA | J52: CANTIDADES DE OBRA | S52: CANTIDADES DE OBRA | AB52: CANTIDADES DE OBRA | AK52: CANTIDADES DE OBRA | AT52: CANTIDADES DE OBRA
A53: ITEM | B53: DESCRIPCION | C53: ANCHO | D53: LARGO | E53: PROFUNDIDAD | F53: CANT | I53: TOTAL | J53: ITEM | K53: DESCRIPCION | L53: ANCHO | M53: LARGO | N53: PROFUNDIDAD | O53: CANT | R53: TOTAL | S53: ITEM | T53: DESCRIPCION | U53: ANCHO | V53: LARGO | W53: PROFUNDIDAD | X53: CANT | AA53: TOTAL | AB53: ITEM | AC53: DESCRIPCION | AD53: ANCHO | AE53: LARGO | AF53: PROFUNDIDAD | AG53: CANT | AJ53: TOTAL | AK53: ITEM | AL53: DESCRIPCION | AM53: ANCHO | AN53: LARGO | AO53: PROFUNDIDAD | AP53: CANT | AS53: TOTAL | AT53: ITEM | AU53: DESCRIPCION | AV53: ANCHO | AW53: LARGO | AX53: PROFUNDIDAD | AY53: CANT | BB53: TOTAL
B54: Baño Restaurantes | F54: 2 | I54: =F54 -> 2 | K54: Restaurante | L54: 6.2 | M54: 0.7 | O54: 2 | R54: =+L54*M54*O54 -> 8.68 | T54: Kioscos | U54: 3 | V54: 4 | X54: 3 | AA54: =+U54*V54*X54 -> 36 | AC54: Kioskos | AE54: 3 | AG54: 3 | AJ54: =AG54 -> 3 | AL54: Kioscos | AM54: 3 | AN54: 4 | AO54: 0.1 | AP54: 3 | AS54: =+AM54*AN54*AO54*AP54 -> 3.6 | AU54: Restaurante Exterior Matera | AV54: 3.3 | AW54: 13.3 | AY54: 1 | BB54: =+AV54*AW54 -> 43.89
B55: Baño + Vestieres Mujeres | F55: 8 | I55: =+F55 -> 8 | R55: =L55*M55*O55 -> 0 | AA55: =U55*V55*X55 -> 0 | AJ55: =AD55*AE55*AG55 -> 0 | AU55: Restaurante Exterior Matera | AV55: 3.5 | AW55: 2.8 | AY55: 1 | BB55: =AV55*AW55*AY55 -> 9.8
B56: Baño + Vestieres Hombres | F56: 7 | I56: =+F56 -> 7 | R56: =L56*M56*O56 -> 0 | AA56: =U56*V56*X56 -> 0 | AJ56: =AD56*AE56*AG56 -> 0 | AS56: =AM56*AN56*AP56 -> 0 | AU56: Kioscos | AV56: 6 | AW56: 6 | AY56: 3 | BB56: =AV56*AW56*AY56 -> 108
B57: Discapacidad | F57: 2 | I57: =+F57 -> 2 | R57: =L57*M57*O57 -> 0 | AA57: =U57*V57*X57 -> 0 | AJ57: =AD57*AE57*AG57 -> 0 | AS57: =AM57*AN57*AP57 -> 0 | AU57: Duchas | AV57: 2.5 | AW57: 2.5 | AY57: 2 | BB57: =AV57*AW57*AY57 -> 12.5
I58: =C58*D58*F58 -> 0 | R58: =L58*M58*O58 -> 0 | AA58: =U58*V58*X58 -> 0 | AJ58: =AD58*AE58*AG58 -> 0 | AS58: =AM58*AN58*AP58 -> 0 | BB58: =AV58*AW58*AY58 -> 0
A59: TOTAL | I59: =SUM(I54:I58) -> 19 | J59: TOTAL | R59: =SUM(R54:R58) -> 8.68 | S59: TOTAL | AA59: =SUM(AA54:AA58) -> 36 | AB59: TOTAL | AJ59: =SUM(AJ54:AJ58) -> 3 | AK59: TOTAL | AS59: =SUM(AS54:AS58) -> 3.6 | AT59: TOTAL | BB59: =SUM(BB54:BB58) -> 174.19
AL60: =+'PRESUPUESTO V2'!B103 -> RELLENO EN RECEBO COMÚN COMPACTADO MECÁNICAMENTE | AS60: =[90]H1!AO70 -> 0 | AU60: =+'PRESUPUESTO V2'!B102 -> EXCAVACIÓN MANUAL EN MATERIAL COMÚN H=0.0-2.0 M (INCLUYE RETIRO DE SOBRANTES A UNA DISTANCIA MENOR DE 5 KM) | BB60: =[90]H1!AX70 -> 0
AK61: CANTIDADES DE OBRA | AT61: CANTIDADES DE OBRA
AK62: ITEM | AL62: DESCRIPCION | AM62: ANCHO | AN62: LARGO | AO62: PROFUNDIDAD | AP62: CANT | AS62: TOTAL | AT62: ITEM | AU62: DESCRIPCION | AV62: ANCHO | AW62: LARGO | AX62: PROFUNDIDAD | AY62: CANT | BB62: TOTAL
AL63: Restaurante Exterior Matera | AM63: 3.3 | AN63: 13.3 | AO63: 0.2 | AP63: 1 | AS63: =+AM63*AN63*AO63*AP63 -> 8.778 | AU63: Restaurante Exterior Matera | AV63: 3.3 | AW63: 13.3 | AX63: 0.3 | AY63: 1 | BB63: =+AV63*AW63*AX63*AY63 -> 13.167
AL64: Restaurante Exterior Matera | AM64: 3.5 | AN64: 2.8 | AO64: 0.2 | AP64: 1 | AS64: =+AM64*AN64*AO64*AP64 -> 1.96 | AU64: Restaurante Exterior Matera | AV64: 3.5 | AW64: 2.8 | AX64: 0.3 | AY64: 1 | BB64: =+AV64*AW64*AX64*AY64 -> 2.94
AL65: Kioscos | AM65: 6 | AN65: 6 | AO65: 0.2 | AP65: 3 | AS65: =+AM65*AN65*AO65*AP65 -> 21.6 | AU65: Kioscos | AV65: 6 | AW65: 6 | AX65: 0.3 | AY65: 3 | BB65: =+AV65*AW65*AX65*AY65 -> 32.4
AL66: Duchas | AM66: 2.5 | AN66: 2.5 | AO66: 0.2 | AP66: 2 | AS66: =+AM66*AN66*AO66*AP66 -> 2.5 | AU66: Duchas | AV66: 2.5 | AW66: 2.5 | AX66: 0.3 | AY66: 2 | BB66: =+AV66*AW66*AX66*AY66 -> 3.75
AK68: TOTAL | AS68: =SUM(AS63:AS67) -> 34.838 | AT68: TOTAL | BB68: =SUM(BB63:BB67) -> 52.257

Sheet PRESUPUESTO V3
A1: PRESUPUESTO MEJORAMIENTO Y ADECUACIÓN TERMALES | N1: SPA | O1: RESTAURANTE EXT
A2: TIPO DE OBRA: | C2: MEJORAMIENTO Y ADECUACIÓN | N2: SPA | O2: RESTAURANTE EXT | P2: VESTIRES | Q2: cocina | R2: =3.11*10.38 -> 32.2818
A3: OBJETO: | C3: MEJORAMIENTO Y ADECUACIÓN DEL BALANEARIO TERMALES DEL ZIPA MUNICIPIO DE TABIO CUNDINAMARCA | O3: COCINA | Q3: dem. Enchpe | R3: =ROUND(2.24*9.26,2) -> 20.74
O4: COCINA
A5: ÍTEM | B5: ICCU | C5: DESCRIPCIÓN | D5: UNIDAD | E5: CANTIDAD | F5: VALOR UNITARIO | G5: CANTIDAD | H5: VALOR TOTAL | J5: CANTIDAD | Q5: dem. Muro taquilla
A6: 1 | B6: 1 | C6: PRELIMINARES | Q6: ancho | R6: altura | S6: total
A7: 1.1 | B7: 1.9 | C7: DEMOLICIÓN ESCALERAS EN CONCRETO | D7: M2 | E7: 2.61 | F7: 101530 | G7: =+'Memorias Termales'!I13 -> 2.61 | H7: =+ROUND(F7*G7,0) -> 264993 | I7: =ROUND(H7*1.33,0) -> 352441 | J7: 2.61 | M7: MATERAS | Q7: 1.4 | R7: 1.2 | S7: =Q7*R7 -> 1.68
A8: 1.2 | B8: 1.1 | C8: DEMOLICIÓN BALDOSA DE PISO H=0.02 M | D8: M2 | E8: 30 | F8: 13166 | G8: =+'Memorias Termales'!I22 -> 30 | H8: =+ROUND(F8*G8,0) -> 394980 | I8: =ROUND(H8*1.33,0) -> 525323 | J8: 30
A9: 1.3 | B9: 1.12 | C9: DEMOLICIÓN ENCHAPE MURO | D9: M2 | E9: 20.74 | F9: 14116 | G9: =R3 -> 20.74 | H9: =+ROUND(F9*G9,0) -> 292766 | I9: =ROUND(H9*1.33,0) -> 389379 | J9: 20.74
A10: 1.4 | B10: APU 001 | C10: CORTE Y RETIRO DE ESTERILLA | D10: M2 | E10: 150 | F10: 18894 | G10: 150 | H10: =+ROUND(F10*G10,0) -> 2834100 | I10: =ROUND(H10*1.33,0) -> 3769353 | J10: 150
A11: 1.5 | B11: 1.14 | C11: DEMOLICIÓN CIELO RASO FALSO | D11: M2 | E11: 74.4 | F11: 19539 | G11: =+'Memorias Termales'!I41 -> 74.4 | H11: =+ROUND(F11*G11,0) -> 1453702 | I11: =ROUND(H11*1.33,0) -> 1933424 | J11: 74.4
A12: 1.6 | B12: 1.16 | C12: DEMOLICIÓN MUROS EN MAMPOSTERÍA 0.15 M | D12: M2 | E12: 1.68 | F12: 26178 | G12: =S7 -> 1.68 | H12: =+ROUND(F12*G12,0) -> 43979 | I12: =ROUND(H12*1.33,0) -> 58492 | J12: 1.68
A13: 1.7 | B13: 1.17 | C13: DEMOLICIÓN MUROS EN MAMPOSTERÍA 0.25 M | D13: M2 | E13: 18.24 | F13: 34942 | G13: =+'Memorias Termales'!I50 -> 18.24 | H13: =+ROUND(F13*G13,0) -> 637342 | I13: =ROUND(H13*1.33,0) -> 847665 | J13: 18.24
A14: 1.8 | B14: 1.32 | C14: DESMONTE APARATOS SANITARIOS | D14: UN | E14: 3 | F14: 40253 | G14: 3 | H14: =+ROUND(F14*G14,0) -> 120759 | I14: =ROUND(H14*1.33,0) -> 160609 | J14: 3
A15: 1.9 | B15: APU 002 | C15: DESMONTE CERRAMIENTO EXISTENTE PISCINAS | D15: M2 | E15: 120 | F15: 2120 | G15: 120 | H15: =+ROUND(F15*G15,0) -> 254400 | I15: =ROUND(H15*1.33,0) -> 338352 | J15: 120
A16: 2 | B16: 2 | C16: CIMIENTOS | I16: =ROUND(H16*1.33,0) -> 0
A17: 2.1 | B17: 2.7 | C17: VIGA DE AMARRE EN CONCRETO 3500 PSI | D17: M3 | E17: 1 | F17: 974310 | G17: 1 | H17: =+ROUND(F17*G17,0) -> 974310 | I17: =ROUND(H17*1.33,0) -> 1295832 | J17: 1 | N17: RESTAURANTE EXT
A18: 2.2 | B18: 2.8 | C18: ZAPATAS EN CONCRETO 3500 PSI | D18: M3 | E18: 1 | F18: 885987 | G18: 1 | H18: =+ROUND(F18*G18,0) -> 885987 | I18: =ROUND(H18*1.33,0) -> 1178363 | J18: 1
A19: 3 | B19: 3 | C19: DESAGÜES E INSTALACIONES SUBTERRÁNEAS | I19: =ROUND(H19*1.33,0) -> 0
A20: 3.1 | B20: 3.1 | C20: SIFÓN PARA DRENAJE EN PVC DE 4" | D20: UN | E20: 7 | F20: 61823 | G20: =+'Memorias Termales'!R13 -> 7 | H20: =+ROUND(F20*G20,0) -> 432761 | I20: =ROUND(H20*1.33,0) -> 575572 | J20: 7
A21: 3.2 | B21: 3.5 | C21: CAJA DE INSPECCIÓN DE 60X60 | D21: UN | E21: 2 | F21: 350322 | G21: =+'Memorias Termales'!R22 -> 2 | H21: =+ROUND(F21*G21,0) -> 700644 | I21: =ROUND(H21*1.33,0) -> 931857 | J21: 2
A22: 4 | B22: 4 | C22: ESTRUCTURAS EN CONCRETO | I22: =ROUND(H22*1.33,0) -> 0
A23: 4.1 | B23: 4.23 | C23: REFUERZO MALLA ELECTROSOLDADA | D23: KG | E23: 348.82 | F23: 10980 | G23: =+'Memorias Termales'!R50 -> 348.82 | H23: =+ROUND(F23*G23,0) -> 3830044 | I23: =ROUND(H23*1.33,0) -> 5093959 | J23: 348.82 | M23: DESCRIP. | N23: ANCHO | O23: LONGITUD | P23: TOTAL
A24: 4.2 | B24: 4.22 | C24: ACERO FIGURADO 60000 PSI | D24: KG | E24: 50 | F24: 8378 | G24: 50 | H24: =+ROUND(F24*G24,0) -> 418900 | I24: =ROUND(H24*1.33,0) -> 557137 | J24: 50 | M24: MATERA 1 SENTIDO 1 | N24: 0.8 | O24: 13.3 | P24: =N24*O24 -> 10.64
A25: 5 | B25: 5 | C25: MAMPOSTERÍA | I25: =ROUND(H25*1.33,0) -> 0 | M25: MATERA 1 SENTIDO 2 | P25: =N25*O25 -> 0
A26: 5.1 | B26: 5.8 | C26: MESONES EN CONCRETO 2500 PSI, E=0.1M (INC. REFUERZO) | D26: M2 | E26: 8.68 | F26: 152916 | G26: =+'Memorias Termales'!R54 -> 8.68 | H26: =+ROUND(F26*G26,0) -> 1327311 | I26: =ROUND(H26*1.33,0) -> 1765324 | J26: 8.68 | M26: MATERA 1 SENTIDO 3 | P26: =N26*O26 -> 0
A27: 5.2 | B27: 5.37 | C27: MURO TOLETE COMÚN 0.06 M | D27: M2 | E27: 10 | F27: 56307 | G27: 10 | H27: =+ROUND(F27*G27,0) -> 563070 | I27: =ROUND(H27*1.33,0) -> 748883 | J27: 10
A28: 5.3 | B28: APU 003 | C28: PIEDRA MUÑECA PARA ACABADO | D28: ML | E28: 16 | F28: 207243 | G28: 16 | H28: =+ROUND(F28*G28,0) -> 3315888 | I28: =ROUND(H28*1.33,0) -> 4410131 | J28: 16 | M28: MATERA 1 SENTIDO 4 | P28: =N28*O28 -> 0
A29: 6 | B29: 6 | C29: PAÑETES, REVOQUES Y REPELLOS | I29: =ROUND(H29*1.33,0) -> 0 | M29: MATERA 1 SENTIDO 5 | P29: =N29*O29 -> 0
A30: 6.1 | B30: 6.2 | C30: FILOS O DILATACIONES B/PLACA | D30: ML | E30: 13 | F30: 7688 | G30: =+'Memorias Termales'!AJ13 -> 13 | H30: =+ROUND(F30*G30,0) -> 99944 | I30: =ROUND(H30*1.33,0) -> 132926 | J30: 13 | M30: MATERA 1 SENTIDO 6 | P30: =N30*O30 -> 0
A31: 6.2 | B31: 6.15 | C31: PAÑETE IMPERMEABILIZADO MUROS 1:3, E=1.5 CM | D31: M2 | E31: 20 | F31: 33310 | G31: 20 | H31: =+ROUND(F31*G31,0) -> 666200 | I31: =ROUND(H31*1.33,0) -> 886046 | J31: 20 | M31: MATERA 1 SENTIDO 7 | P31: =N31*O31 -> 0
A32: 6.3 | B32: 6.16 | C32: PAÑETE IMPERMEABILIZADO MUROS 1:3, E=1.5 CM (LINEAL) | D32: ML | E32: 13 | F32: 22875 | G32: 13 | H32: =+ROUND(F32*G32,0) -> 297375 | I32: =ROUND(H32*1.33,0) -> 395509 | J32: 13 | M32: MATERA 1 SENTIDO 8 | P32: =N32*O32 -> 0
A33: 6.4 | B33: 6.16 | C33: MEDIACAÑA EN MORTERO IMPERMEBILIZADO 1:3 (LINEAL) | D33: ML | E33: 10 | F33: 22875 | G33: 10 | H33: =+ROUND(F33*G33,0) -> 228750 | I33: =ROUND(H33*1.33,0) -> 304238 | J33: 10 | M33: MATERA 1 SENTIDO 9 | P33: =N33*O33 -> 0
A34: 6.5 | B34: 6.17 | C34: PAÑETE LISO MUROS 1:4, E=1.5 CM | D34: M2 | E34: 20 | F34: 27939 | G34: 20 | H34: =+ROUND(F34*G34,0) -> 558780 | I34: =ROUND(H34*1.33,0) -> 743177 | J34: 20 | M34: MATERA 1 SENTIDO 10 | P34: =N34*O34 -> 0
A35: 6.6 | B35: 6.18 | C35: PAÑETE LISO MUROS 1:4, E=1.5 CM (LINEAL) | D35: ML | E35: 5 | F35: 18412 | G35: 5 | H35: =+ROUND(F35*G35,0) -> 92060 | I35: =ROUND(H35*1.33,0) -> 122440 | J35: 5
A36: 7 | B36: 7 | C36: CUBIERTAS | I36: =ROUND(H36*1.33,0) -> 0 | M36: MATERA 1 SENTIDO 11 | P36: =N36*O36 -> 0
A37: 7.1 | B37: 7.32 | C37: ESTRUCTURA METÁLICA PARA TEJA DE FIBROCEMENTO (TUBO ESTRUCTURAL ABIERTO 4"x2", 15 MM) | D37: M2 | E37: 60 | F37: 92924 | G37: 60 | H37: =+ROUND(F37*G37,0) -> 5575440 | I37: =ROUND(H37*1.33,0) -> 7415335 | J37: 60 | M37: MATERA 1 SENTIDO 12 | P37: =N37*O37 -> 0
A38: 7.2 | B38: 7.4 | C38: CUBIERTA EN POLICARBONATO ALVEOLAR | D38: M2 | E38: 60 | F38: 205605 | G38: 60 | H38: =+ROUND(F38*G38,0) -> 12336300 | I38: =ROUND(H38*1.33,0) -> 16407279 | J38: 60 | M38: MATERA 1 SENTIDO 13 | P38: =N38*O38 -> 0
A39: 7.3 | B39: 7.41 | C39: CORTASOL TIPO CELOSCREEN 110-M1, PASO 200 | D39: M2 | E39: 60 | F39: 403908 | G39: 60 | H39: =+ROUND(F39*G39,0) -> 24234480 | I39: =ROUND(H39*1.33,0) -> 32231858 | J39: 60 | M39: MATERA 1 SENTIDO 14 | P39: =N39*O39 -> 0
A40: 8 | B40: 8 | C40: CARPINTERÍA EN MADERA | I40: =ROUND(H40*1.33,0) -> 0 | M40: MATERA 1 SENTIDO 15 | P40: =N40*O40 -> 0
A41: 8.1 | B41: 9.18 | C41: CERRADURA DE ENTRADA PRINCIPAL | D41: UN | E41: 2 | F41: 177248 | G41: 2 | H41: =+ROUND(F41*G41,0) -> 354496 | I41: =ROUND(H41*1.33,0) -> 471480 | J41: 2 | M41: MATERA 1 SENTIDO 2 | N41: 0.8 | O41: 2.7 | P41: =N41*O41 -> 2.16
A42: 8.2 | B42: 9.25 | C42: VIDRIO ESMERILADO INCOLORO 4 MM | D42: M2 | E42: 6 | F42: 98343 | G42: 6 | H42: =+ROUND(F42*G42,0) -> 590058 | I42: =ROUND(H42*1.33,0) -> 784777 | J42: 6 | P42: =N42*O42 -> 0
A43: 9 | B43: 9 | C43: CARPINTERÍA METÁLICA | I43: =ROUND(H43*1.33,0) -> 0 | P43: =N43*O43 -> 0
A44: 9.1 | B44: 10.2 | C44: CELOSÍA ALUMINIO 100CM X 60 CM | D44: M2 | E44: 2 | F44: 334108 | G44: 2 | H44: =+ROUND(F44*G44,0) -> 668216 | I44: =ROUND(H44*1.33,0) -> 888727 | J44: 2 | P44: =N44*O44 -> 0
A45: 9.2 | B45: 10.5 | C45: MARCO TAPA CAJA DE INSPECCIÓN | D45: UN | E45: 3 | F45: 273566 | G45: 3 | H45: =+ROUND(F45*G45,0) -> 820698 | I45: =ROUND(H45*1.33,0) -> 1091528 | J45: 3 | P45: =N45*O45 -> 0
A46: 9.3 | B46: 10.1 | C46: CERRAMIENTO MALLA ESLABONADA C. 10 INC. ÁNGULO (PARAL EN TUBO ESTRUCTURAL GALVANIZADO 2") | D46: M2 | E46: 4.8 | F46: 161347 | G46: =2.4*2 -> 4.8 | H46: =+ROUND(F46*G46,0) -> 774466 | I46: =ROUND(H46*1.33,0) -> 1030040 | J46: 4.8 | P46: =N46*O46 -> 0
A47: 9.4 | B47: 10.19 | C47: VENTANA EN ALUMINIO CORREDIZA | D47: M2 | E47: 2 | F47: 406295 | G47: 2 | H47: =+ROUND(F47*G47,0) -> 812590 | I47: =ROUND(H47*1.33,0) -> 1080745 | J47: 2 | M47: MATERA 2 SENTIDO 1 | N47: 0.8 | O47: 3.5 | P47: =N47*O47 -> 2.8
A48: 9.5 | B48: 10.7 | C48: PUERTA EN LÁMINA CAL 18 INC. ANTICORROSIVO | D48: M2 | E48: 8 | F48: 337093 | G48: =4*2 -> 8 | H48: =+ROUND(F48*G48,0) -> 2696744 | I48: =ROUND(H48*1.33,0) -> 3586670 | J48: 8 | M48: MATERA 2 SENTIDO 2 | N48: 0.8 | O48: 2.8 | P48: =N48*O48 -> 2.24
A49: 9.6 | B49: 10.4 | C49: MARCO PARA PUERTA EN LÁMINA CAL 18 -0.8 | D49: UN | E49: 2 | F49: 234062 | G49: 2 | H49: =+ROUND(F49*G49,0) -> 468124 | I49: =ROUND(H49*1.33,0) -> 622605 | J49: 2 | P49: =SUM(P24:P48) -> 17.84
A50: 9.7 | B50: 10.24 | C50: CELOSÍA TUBULAR PARA POLIDEPORTIVO, ASTM-4500 GRADO C, INCLUYE:CORREAS, CONTRAVIENTOS, TENSORES, COLUMNAS ,VIGAS DE AMARRE, ANCLAJES, TORNILLERÍA, PINTURA Y PLATINERÍA.CONTEMPLA TAMBIEN:FABRICACIÓN, SUMINISTRO, MONTAJE | D50: KG | E50: 300 | F50: 24327 | G50: 300 | H50: =+ROUND(F50*G50,0) -> 7298100 | I50: =ROUND(H50*1.33,0) -> 9706473 | J50: 300
A51: 10 | B51: 10 | C51: INSTALACIONES HIDROSANITARIAS - RED CONTRA INCENDIO | I51: =ROUND(H51*1.33,0) -> 0
A52: 10.1 | B52: 11.1 | C52: ACOMETIDA EN PVC 1/2" 5M | D52: UN | E52: 3 | F52: 378519 | G52: 3 | H52: =+ROUND(F52*G52,0) -> 1135557 | I52: =ROUND(H52*1.33,0) -> 1510291 | J52: 3
A53: 10.2 | B53: 11.2 | C53: ACOMETIDA EN PVC 3/4" 5M | D53: UN | E53: 3 | F53: 441269 | G53: 3 | H53: =+ROUND(F53*G53,0) -> 1323807 | I53: =ROUND(H53*1.33,0) -> 1760663 | J53: 3
A54: 10.3 | B54: 11.9 | C54: INSTALACIÓN APARATO SANITARIO | D54: UN | E54: 2 | F54: 89480 | G54: 2 | H54: =+ROUND(F54*G54,0) -> 178960 | I54: =ROUND(H54*1.33,0) -> 238017 | J54: 2
A55: 10.4 | B55: 11.12 | C55: LLAVE MANGUERA | D55: UN | E55: 1 | F55: 60440 | G55: 1 | H55: =+ROUND(F55*G55,0) -> 60440 | I55: =ROUND(H55*1.33,0) -> 80385 | J55: 1
A56: 10.5 | B56: 11.16 | C56: PUNTO HIDRÁULICO PVC-P/PARAL 1/2" | D56: UN | E56: 4 | F56: 114309 | G56: 4 | H56: =+ROUND(F56*G56,0) -> 457236 | I56: =ROUND(H56*1.33,0) -> 608124 | J56: 4
A57: 10.6 | B57: 11.26 | C57: RED SUMINISTRO PVC 1" | D57: ML | E57: 10 | F57: 23010 | G57: 10 | H57: =+ROUND(F57*G57,0) -> 230100 | I57: =ROUND(H57*1.33,0) -> 306033 | J57: 10
A58: 10.7 | B58: 11.27 | C58: RED SUMINISTRO PVC 1/2" | D58: ML | E58: 15 | F58: 14209 | G58: 15 | H58: =+ROUND(F58*G58,0) -> 213135 | I58: =ROUND(H58*1.33,0) -> 283470 | J58: 15 | N58: BAÑO | O58: COCINA
A59: 10.8 | B59: 11.31 | C59: RED SANITARIA PVC-S 2" | D59: ML | E59: 8 | F59: 40526 | G59: 8 | H59: =+ROUND(F59*G59,0) -> 324208 | I59: =ROUND(H59*1.33,0) -> 431197 | J59: 8
A60: 10.9 | B60: 11.33 | C60: RED SANITARIA PVC-S 4" | D60: ML | E60: 6 | F60: 74427 | G60: 6 | H60: =+ROUND(F60*G60,0) -> 446562 | I60: =ROUND(H60*1.33,0) -> 593927 | J60: 6
A61: 10.1 | B61: 11.35 | C61: REGISTRO 1" | D61: UN | E61: 3 | F61: 163293 | G61: 3 | H61: =+ROUND(F61*G61,0) -> 489879 | I61: =ROUND(H61*1.33,0) -> 651539 | J61: 3
A62: 10.11 | B62: 11.36 | C62: REGISTRO 1/2" | D62: UN | E62: 3 | F62: 92022 | G62: 3 | H62: =+ROUND(F62*G62,0) -> 276066 | I62: =ROUND(H62*1.33,0) -> 367168 | J62: 3
A63: 11 | B63: 11 | C63: INSTALACIONES ELÉCTRICAS | I63: =ROUND(H63*1.33,0) -> 0
A64: 11.1 | B64: 12.2 | C64: SALIDA LÁMPARA TOMA PVC COMPLETA | D64: UN | E64: 12 | F64: 105215 | G64: 12 | H64: =+ROUND(F64*G64,0) -> 1262580 | I64: =ROUND(H64*1.33,0) -> 1679231 | J64: 12 | N64: BAÑO | O64: COCINA
A65: 11.2 | B65: 12.9 | C65: SALIDA TOMA DOBLE PVC COMPLETA | D65: UN | E65: 6 | F65: 100949 | G65: 6 | H65: =+ROUND(F65*G65,0) -> 605694 | I65: =ROUND(H65*1.33,0) -> 805573 | J65: 6
A66: 11.3 | B66: 12.13 | C66: TABLERO PARCIAL 4 CIRCUITOS | D66: UN | E66: 1 | F66: 150329 | G66: 1 | H66: =+ROUND(F66*G66,0) -> 150329 | I66: =ROUND(H66*1.33,0) -> 199938 | J66: 1
A67: 11.4 | B67: 12.17 | C67: TUBERÍA PVC CONDUIT 3/4" | D67: ML | E67: 48 | F67: 3930 | G67: 48 | H67: =+ROUND(F67*G67,0) -> 188640 | I67: =ROUND(H67*1.33,0) -> 250891 | J67: 48
A68: 12 | B68: 12 | C68: PISOS BASES | I68: =ROUND(H68*1.33,0) -> 0
A69: 12.1 | B69: 13.4 | C69: ALISTADO PISOS 1:3, E=0.04 | D69: M2 | E69: 174.19 | F69: 36214 | G69: 174.19 | H69: =+ROUND(F69*G69,0) -> 6308117 | I69: =ROUND(H69*1.33,0) -> 8389796 | J69: 174.19
A70: 12.2 | B70: 13.7 | C70: CONCRETO BASE GRADAS 2500 PSI | D70: M2 | E70: 3 | F70: 90241 | G70: 3 | H70: =+ROUND(F70*G70,0) -> 270723 | I70: =ROUND(H70*1.33,0) -> 360062 | J70: 3
A71: 12.3 | B71: 13.8 | C71: CONCRETO ESTRIADO RAMPAS 2500 PSI | D71: M2 | E71: 2.3 | F71: 107225 | G71: 2.3 | H71: =+ROUND(F71*G71,0) -> 246618 | I71: =ROUND(H71*1.33,0) -> 328002 | J71: 2.3 | N71: BAÑO | O71: COCINA
A72: 12.4 | B72: 13.13 | C72: PLACA BASE CONCRETO 0.10 2500 PSI | D72: M2 | E72: 174.19 | F72: 74068 | G72: 174.19 | H72: =+ROUND(F72*G72,0) -> 12901905 | I72: =ROUND(H72*1.33,0) -> 17159534 | J72: 174.19
A73: 13 | B73: 13 | C73: PISOS,ACABADOS,ENCHAPES Y ACCESORIOS | I73: =ROUND(H73*1.33,0) -> 0 | M73: SPA | N73: RESTAURANTE EXT
A74: 13.1 | B74: 18.26 | C74: PINTURA EPÓXICA | D74: M2 | E74: 12 | F74: 24166 | G74: 12 | H74: =+ROUND(F74*G74,0) -> 289992 | I74: =ROUND(H74*1.33,0) -> 385689 | J74: 12
A75: 13.2 | B75: APU 004 | C75: SUMINISTRO E INSTALACION DE GARGOLA EN CONCRETO 0,50 M | D75: UN | E75: 8 | F75: 98066 | G75: 8 | H75: =+ROUND(F75*G75,0) -> 784528 | I75: =ROUND(H75*1.33,0) -> 1043422 | J75: 8
A76: 13.3 | B76: 14.32 | C76: REJILLA SIFÓN CON SOSCO 4.5CM X 3.5CM | D76: UN | E76: 2 | F76: 36570 | G76: 2 | H76: =+ROUND(F76*G76,0) -> 73140 | I76: =ROUND(H76*1.33,0) -> 97276 | J76: 2
A77: 13.4 | B77: 14.37 | C77: TAPA REGISTRO 20X20 | D77: UN | E77: 2 | F77: 31862 | G77: 2 | H77: =+ROUND(F77*G77,0) -> 63724 | I77: =ROUND(H77*1.33,0) -> 84753 | J77: 2
A78: 13.5 | B78: 14.41 | C78: CERÁMICA PISO TRÁFICO 5, CALIDAD PRIMERA | D78: M2 | E78: 174.19 | F78: 105070 | G78: 174.19 | H78: =+ROUND(F78*G78,0) -> 18302143 | I78: =ROUND(H78*1.33,0) -> 24341850 | J78: 174.19 | L78: APU
A79: 13.6 | B79: APU 005 | C79: GRIFERIA PARA LAVAPLATOS | D79: UN | E79: 2 | F79: 122634 | G79: 2 | H79: =+ROUND(F79*G79,0) -> 245268 | I79: =ROUND(H79*1.33,0) -> 326206 | J79: 2
A80: 14 | B80: 14 | C80: CIELO RASO | I80: =ROUND(H80*1.33,0) -> 0 | N80: Restaurante
A81: 14.1 | B81: 15.1 | C81: CIELO RASO EN PVC e=8 mm (INCLUYE ESTRUCTURA DE APOYO) | D81: M2 | E81: 100 | F81: 88734 | G81: 100 | H81: =+ROUND(F81*G81,0) -> 8873400 | I81: =ROUND(H81*1.33,0) -> 11801622 | J81: 100
A82: 14.2 | B82: APU 006 | C82: CIELORASO PLANO PLACA FIBROCEMENTO 4 MM (INCLUYE PINTURA) | D82: M2 | E82: 100 | F82: 90782 | G82: 100 | H82: =+ROUND(F82*G82,0) -> 9078200 | I82: =ROUND(H82*1.33,0) -> 12074006 | J82: 100 | M82: AREA 1 TRAPECIO | N82: =((2+14.81)/2)*6.84 -> 57.4902 | O82: AREA 2 TRIANGULO | P82: =(13.21*7)/2 -> 46.235
A83: 15 | B83: 15 | C83: EXCAVACIONES Y RELLENOS | I83: =ROUND(H83*1.33,0) -> 0 | M83: TOTAL | N83: =N82*2 -> 114.9804 | O83: TOTAL | P83: =P82*2 -> 92.47
A84: 15.1 | B84: 16.4 | C84: EXCAVACIÓN MANUAL EN MATERIAL COMÚN H=0.0-2.0 M (INCLUYE RETIRO DE SOBRANTES A UNA DISTANCIA MENOR DE 5 KM) | D84: M3 | E84: 10 | F84: 63372 | G84: 10 | H84: =+ROUND(F84*G84,0) -> 633720 | I84: =ROUND(H84*1.33,0) -> 842848 | J84: 10
A85: 15.2 | B85: 16.8 | C85: RELLENO EN RECEBO COMÚN COMPACTADO MECÁNICAMENTE | D85: M3 | E85: 10 | F85: 96594 | G85: 10 | H85: =+ROUND(F85*G85,0) -> 965940 | I85: =ROUND(H85*1.33,0) -> 1284700 | J85: 10
A86: 16 | B86: 16 | C86: APARATOS SANITARIOS | I86: =ROUND(H86*1.33,0) -> 0
A87: 16.1 | B87: 17.1 | C87: SUMINISTRO E INSTALACIÓN SANITARIO TANQUE (INCLUYE GRIFERÍA) | D87: UN | E87: 1 | F87: 415096 | G87: 1 | H87: =+ROUND(F87*G87,0) -> 415096 | I87: =ROUND(H87*1.33,0) -> 552078 | J87: 1 | N87: TOTAL AREA CIELO RASO | O87: =N83+P83 -> 207.4504
A88: 16.2 | B88: 17.4 | C88: SUMINISTRO E INSTALACIÓN LAVAMANOS COLGAR (INCLUYE GRIFERÍA) | D88: UN | E88: 1 | F88: 172672 | G88: 1 | H88: =+ROUND(F88*G88,0) -> 172672 | I88: =ROUND(H88*1.33,0) -> 229654 | J88: 1
A89: 16.3 | B89: 17.11 | C89: SUMINISTRO E INSTALACIÓN DUCHA SENCILLA | D89: UN | E89: 8 | F89: 117770 | G89: 8 | H89: =+ROUND(F89*G89,0) -> 942160 | I89: =ROUND(H89*1.33,0) -> 1253073 | J89: 8
A90: 16.4 | B90: 17.13 | C90: SUMINISTRO E INSTALACIÓN LAVAPLATOS DE SOBREPONER EN ACERO INOXIDABLE 120 X 60 cm (INCLUYE ACCESORIOS Y GRIFERÍA) | D90: UN | E90: 2 | F90: 513678 | G90: 2 | H90: =+ROUND(F90*G90,0) -> 1027356 | I90: =ROUND(H90*1.33,0) -> 1366383 | J90: 2
A91: 17 | B91: 17 | C91: PINTURAS | I91: =ROUND(H91*1.33,0) -> 0
A92: 17.1 | B92: 18.9 | C92: ESMALTE SOBRE LAMINA LLENA | D92: M2 | E92: 20 | F92: 24397 | G92: 20 | H92: =+ROUND(F92*G92,0) -> 487940 | I92: =ROUND(H92*1.33,0) -> 648960 | J92: 20
A93: 17.2 | B93: 18.23 | C93: VINILO SOBRE PAÑETE 2 MANOS | D93: M2 | E93: 30 | F93: 17751 | G93: 30 | H93: =+ROUND(F93*G93,0) -> 532530 | I93: =ROUND(H93*1.33,0) -> 708265 | J93: 30
A94: 17.3 | B94: 18.24 | C94: VINILO SOBRE PAÑETE 2 MANOS (LINEAL) | D94: ML | E94: 15 | F94: 10853 | G94: 15 | H94: =+ROUND(F94*G94,0) -> 162795 | I94: =ROUND(H94*1.33,0) -> 216517 | J94: 15
A95: 18 | B95: 18 | C95: INSTALACIONES RED GASES | I95: =ROUND(H95*1.33,0) -> 0
A96: 18.1 | B96: 20.1 | C96: TUBERÍA COBRE 1/2" TIPO L (INCLUYE ACCESORIOS) | D96: ML | E96: 44.08 | F96: 49718 | G96: 44.08 | H96: =+ROUND(F96*G96,0) -> 2191569 | I96: =ROUND(H96*1.33,0) -> 2914787 | J96: 44.08
A97: 18.2 | B97: 20.1 | C97: VÁLVULA DE BOLA GAS 1/2" | D97: UN | E97: 4 | F97: 28539 | G97: 4 | H97: =+ROUND(F97*G97,0) -> 114156 | I97: =ROUND(H97*1.33,0) -> 151827 | J97: 4
A98: 18.3 | B98: 20.16 | C98: ACOMETIDA GAS 1/2" | D98: ML | E98: 1 | F98: 577265 | G98: 1 | H98: =+ROUND(F98*G98,0) -> 577265 | I98: 767760 | J98: 1
A99: 19 | B99: 19 | C99: VARIOS | I99: =ROUND(H99*1.33,0) -> 0
A100: 19.1 | B100: APU 007 | C100: Campana en acero inoxidable CL 20 TIPO 304 TIPO ISLA DMS:2.50X1.20X0.60 SIN FILTROS (Incluye suministro e instalación) | D100: UN | E100: 1 | F100: =6000000*1.19 -> 7140000 | G100: 1 | H100: =+ROUND(F100*G100,0) -> 7140000 | I100: =ROUND(H100*1.33,0) -> 9496200 | J100: 1
...

Sheet PRESUPUESTO SEÑALIZACIÓN
A1: PRESUPUESTO MEJORAMIENTO Y ADECUACIÓN TERMALES
A2: TIPO DE OBRA: | C2: MEJORAMIENTO Y ADECUACIÓN
A3: OBJETO: | C3: MEJORAMIENTO Y ADECUACIÓN DEL BALANEARIO TERMALES DEL ZIPA MUNICIPIO DE TABIO CUNDINAMARCA
A5: ÍTEM | B5: ICCU | C5: DESCRIPCIÓN | D5: UNIDAD | E5: VALOR UNITARIO | F5: CANTIDAD | G5: VALOR TOTAL
A6: 19 | B6: 19 | C6: SEÑALIZACIÓN
A7: 19.8 | B7: APU 015 | C7: SISTEMA INTEGRAL DE SEÑALIZACIÓN SOSTENIBLE GRAN FORMATO | D7: GLB | E7: =+'APU 015'!G46 -> 1110000 | F7: 2 | G7: =+ROUND(E7*F7,0) -> 2220000
A8: 19.9 | B8: APU 016 | C8: SISTEMA INTEGRAL DE SEÑALIZACIÓN SOSTENIBLE FORMATO MEDIANO | D8: GLB | E8: =+'APU 016'!G46 -> 400000 | F8: 3 | G8: =+ROUND(E8*F8,0) -> 1200000
A9: 19.1 | B9: APU 017 | C9: SISTEMA INTEGRAL DE SEÑALIZACIÓN SOSTENIBLE FORMATO PEQUEÑO | D9: GLB | E9: =+'APU 017'!G46 -> 180000 | F9: 31 | G9: =+ROUND(E9*F9,0) -> 5580000
A10: TOTAL COSTOS DIRECTOS | G10: =SUM(G6:G9) -> 9000000
A11: ADMNISTRACION | F11: 0.25 | G11: =+ROUND(G10*F11,0) -> 2250000
A12: IMPREVISTOS | F12: 0.03 | G12: =+ROUND(G10*F12,0) -> 270000
A13: UTILIDAD | F13: 0.05 | G13: =+ROUND(G10*F13,0) -> 450000
A14: VALOR TOTAL | G14: =SUM(G10:G13) -> 11970000
I54: LONGITUD | J54: =11.1+28.1+27.9+28+14.1+2.6 -> 111.8
I57: AREA | J57: LONGITUD
I58: AREA 1 | J58: =10.5+4.7+3.05+46.16 -> 64.41
I59: AREA 2 | J59: =1.86*2 -> 3.72
I60: MALLA PISCINA | J60: 15
I61: REJA TAQUILLA | J61: 1.85
I67: 2509172980

Sheet APU 001
A2: DEPARTAMENTO DE CUNDINAMARCA
A3: MUNICIPIO DE TABIO | C3: ANÁLISIS DE PRECIOS UNITARIOS
A6: MEJORAMIENTO Y/O ADECUACIÓN DE COCINA, AREAS SOCIALES , BAÑOS Y DUCHAS Y TUBERÍA DE TURCOS | D6: ITEM : | E6: CORTE Y RETIRO DE ESTERILLA CUBIERTA RESTAURANTE Y COCINA
D8: UNIDAD : | E8: M2
A9: I. EQUIPO
A10: Descripción | C10: Tipo | D10: Tarifa/Dia | E10: Rendimiento | F10: Valor-Unit.
A11: HERRAMIENTA MENOR | C11: GL | D11: 1902.65 | E11: 1 | F11: =D11*E11 -> 1902.65
A12: SECCION DE 1,4 POR 1,4 H=2,0-ANDAMIO CERTIFICADO | C12: D | D12: 30178 | E12: 0.1 | F12: =D12*E12 -> 3017.8
A13: MOTOSIERRA | C13: H | D13: 15101 | E13: 0.1 | F13: =+D13*E13 -> 1510.1
A14: VOLQUETA | C14: H | D14: 83867 | E14: 0.01 | F14: =+D14*E14 -> 838.67
F15: =+D15*E15 -> 0
F17: Sub-Total | G17: =SUM(F11:F15) -> 7269.22
A18: II. MATERIALES EN OBRA
A19: Descripción | C19: Unidad | D19: Precio-Unit. | E19: Cantidad | F19: Valor-Unit.
F20: =+E20*D20 -> 0
F21: =+E21*D21 -> 0
F22: =+E22*D22 -> 0
F23: =+E23*D23 -> 0
F24: =+E24*D24 -> 0
F25: =+E25*D25 -> 0
F26: =+E26*D26 -> 0
F27: =+D27*E27 -> 0
F28: =+D28*E28 -> 0
F29: Sub-Total | G29: =+SUM(F20:F28) -> 0
A31: III. TRANSPORTES
A32: Material | B32: Vol-peso ó Cant. | C32: Distancia | D32: M3-Km | E32: Tarifa | F32: Valor-Unit.
F37: Sub-Total | G37: =+SUM(F33:F36) -> 0
A38: IV. MANO DE OBRA
A39: Trabajador | B39: HC | C39: Prestaciones | D39: HC Total | E39: Rendimiento | F39: Valor-Unit.
A40: CUADRILLA ALBAÑILERIA (AA) | C40: HC | D40: 41517 | E40: 0.28 | F40: =+D40*E40 -> 11624.76
F41: =+D41*E41 -> 0
F44: Sub-Total | G44: =+SUM(F40:F43) -> 11624.76
D46: Total Costo Directo | G46: =+G17+G29+G37+G44 -> 18893.98

Sheet APU 002
A2: DEPARTAMENTO DE CUNDINAMARCA
A3: MUNICIPIO DE TABIO | C3: ANÁLISIS DE PRECIOS UNITARIOS
A6: MEJORAMIENTO Y/O ADECUACIÓN DE COCINA, AREAS SOCIALES , BAÑOS Y DUCHAS Y TUBERÍA DE TURCOS | D6: ITEM : | E6: DESMONTE CERRAMIENTO EXISITENTE PISCINAS
D8: UNIDAD : | E8: M2
A9: I. EQUIPO
A10: Descripción | C10: Tipo | D10: Tarifa/Dia | E10: Rendimiento | F10: Valor-Unit.
A11: HERRAMIENTA MENOR 10% M.O. | C11: GL | F11: =0.1*G44 -> 192.72727
F12: =+D12*E12 -> 0
F13: =+D13*E13 -> 0
F14: =+D14*E14 -> 0
F15: =+D15*E15 -> 0
F17: Sub-Total | G17: =SUM(F11:F15) -> 192.72727
A18: II. MATERIALES EN OBRA
A19: Descripción | C19: Unidad | D19: Precio-Unit. | E19: Cantidad | F19: Valor-Unit.
F20: =+E20*D20 -> 0
F21: =+E21*D21 -> 0
F22: =+E22*D22 -> 0
F23: =+E23*D23 -> 0
F24: =+E24*D24 -> 0
F25: =+E25*D25 -> 0
F26: =+E26*D26 -> 0
F27: =+D27*E27 -> 0
F28: =+D28*E28 -> 0
F29: Sub-Total | G29: =+SUM(F20:F28) -> 0
A31: III. TRANSPORTES
A32: Material | B32: Vol-peso ó Cant. | C32: Distancia | D32: M3-Km | E32: Tarifa | F32: Valor-Unit.
F37: Sub-Total | G37: =+SUM(F33:F36) -> 0
A38: IV. MANO DE OBRA
A39: Trabajador | B39: HC | C39: Prestaciones | D39: HC Total | E39: Rendimiento | F39: Valor-Unit.
A40: CUADRILLA ALBAÑILERIA (AA) | C40: HC | D40: 41517 | E40: 0.046421291 | F40: =+D40*E40 -> 1927.2727
F41: =+D41*E41 -> 0
F44: Sub-Total | G44: =+SUM(F40:F43) -> 1927.2727
D46: Total Costo Directo | G46: =+G17+G29+G37+G44 -> 2120

Sheet APU 003
A2: DEPARTAMENTO DE CUNDINAMARCA
A3: MUNICIPIO DE TABIO | C3: ANÁLISIS DE PRECIOS UNITARIOS
A6: MEJORAMIENTO Y/O ADECUACIÓN DE COCINA, AREAS SOCIALES , BAÑOS Y DUCHAS Y TUBERÍA DE TURCOS | D6: ITEM : | E6: DESMONTE CERRAMIENTO EXISITENTE PISCINAS
D8: UNIDAD : | E8: ML
A9: I. EQUIPO
A10: Descripción | C10: Tipo | D10: Tarifa/Dia | E10: Rendimiento | F10: Valor-Unit.
A11: HERRAMIENTA MENOR 10% M.O. | C11: GL | F11: =0.1*G44 -> 2283.435
F12: =+D12*E12 -> 0
F13: =+D13*E13 -> 0
F14: =+D14*E14 -> 0
F15: =+D15*E15 -> 0
F17: Sub-Total | G17: =SUM(F11:F15) -> 2283.435
A18: II. MATERIALES EN OBRA
A19: Descripción | C19: Unidad | D19: Precio-Unit. | E19: Cantidad | F19: Valor-Unit.
A20: PIEDRA MUÑECA CREMA | C20: M2 | D20: 232900 | E20: 0.65 | F20: =+E20*D20 -> 151385
A21: PEGANTE PARA FACHADAS | C21: M2 | D21: 6756 | E21: =7*0.65 -> 4.55 | F21: =+E21*D21 -> 30739.8
F22: =+E22*D22 -> 0
F23: =+E23*D23 -> 0
F24: =+E24*D24 -> 0
F25: =+E25*D25 -> 0
F26: =+E26*D26 -> 0
F27: =+D27*E27 -> 0
F28: =+D28*E28 -> 0
F29: Sub-Total | G29: =+SUM(F20:F28) -> 182124.8
A31: III. TRANSPORTES
A32: Material | B32: Vol-peso ó Cant. | C32: Distancia | D32: M3-Km | E32: Tarifa | F32: Valor-Unit.
F37: Sub-Total | G37: =+SUM(F33:F36) -> 0
A38: IV. MANO DE OBRA
A39: Trabajador | B39: HC | C39: Prestaciones | D39: HC Total | E39: Rendimiento | F39: Valor-Unit.
A40: CUADRILLA ALBAÑILERIA (AA) | C40: HC | D40: 41517 | E40: 0.55 | F40: =+D40*E40 -> 22834.35
F41: =+D41*E41 -> 0
F44: Sub-Total | G44: =+SUM(F40:F43) -> 22834.35
D46: Total Costo Directo | G46: =+G17+G29+G37+G44 -> 207242.58

Sheet APU 004
A2: DEPARTAMENTO DE CUNDINAMARCA
A3: MUNICIPIO DE TABIO | C3: ANÁLISIS DE PRECIOS UNITARIOS
A6: MEJORAMIENTO Y/O ADECUACIÓN DE COCINA, AREAS SOCIALES , BAÑOS Y DUCHAS Y TUBERÍA DE TURCOS | D6: ITEM : | E6: SUMINISTRO E INSTALACION DE GARGOLA EN CONCRETO 0,50 M
D8: UNIDAD : | E8: UN
A9: I. EQUIPO
A10: Descripción | C10: Tipo | D10: Tarifa/Dia | E10: Rendimiento | F10: Valor-Unit.
A11: HERRAMIENTA MENOR 10% M.O. | C11: GL | F11: =0.1*G44 -> 2324.952
F12: =+D12*E12 -> 0
F13: =+D13*E13 -> 0
F14: =+D14*E14 -> 0
F15: =+D15*E15 -> 0
F17: Sub-Total | G17: =SUM(F11:F15) -> 2324.952
A18: II. MATERIALES EN OBRA
A19: Descripción | C19: Unidad | D19: Precio-Unit. | E19: Cantidad | F19: Valor-Unit.
A20: BLOQUE GARGOLA DE 0,50 M | C20: UN | D20: =294900/5 -> 58980 | E20: 1 | F20: =+E20*D20 -> 58980
A21: PEGANTE PARA FACHADAS | C21: M2 | D21: 6756 | E21: 2 | F21: =+E21*D21 -> 13512
F22: =+E22*D22 -> 0
F23: =+E23*D23 -> 0
F24: =+E24*D24 -> 0
F25: =+E25*D25 -> 0
F26: =+E26*D26 -> 0
F27: =+D27*E27 -> 0
F28: =+D28*E28 -> 0
F29: Sub-Total | G29: =+SUM(F20:F28) -> 72492
A31: III. TRANSPORTES
A32: Material | B32: Vol-peso ó Cant. | C32: Distancia | D32: M3-Km | E32: Tarifa | F32: Valor-Unit.
F37: Sub-Total | G37: =+SUM(F33:F36) -> 0
A38: IV. MANO DE OBRA
A39: Trabajador | B39: HC | C39: Prestaciones | D39: HC Total | E39: Rendimiento | F39: Valor-Unit.
A40: CUADRILLA ALBAÑILERIA (AA) | C40: HC | D40: 41517 | E40: 0.56 | F40: =+D40*E40 -> 23249.52
F41: =+D41*E41 -> 0
F44: Sub-Total | G44: =+SUM(F40:F43) -> 23249.52
D46: Total Costo Directo | G46: =+G17+G29+G37+G44 -> 98066.472

Sheet APU 005
A2: DEPARTAMENTO DE CUNDINAMARCA
A3: MUNICIPIO DE TABIO | C3: ANÁLISIS DE PRECIOS UNITARIOS
A6: MEJORAMIENTO Y/O ADECUACIÓN DE COCINA, AREAS SOCIALES , BAÑOS Y DUCHAS Y TUBERÍA DE TURCOS | D6: ITEM : | E6: GRIFERIA PARA LAVAPLATOS
D8: UNIDAD : | E8: UN
A9: I. EQUIPO
A10: Descripción | C10: Tipo | D10: Tarifa/Dia | E10: Rendimiento | F10: Valor-Unit.
A11: HERRAMIENTA MENOR 10% M.O. | C11: GL | F11: =0.1*G44 -> 2075.85
F12: =+D12*E12 -> 0
F13: =+D13*E13 -> 0
F14: =+D14*E14 -> 0
F15: =+D15*E15 -> 0
F17: Sub-Total | G17: =SUM(F11:F15) -> 2075.85
A18: II. MATERIALES EN OBRA
A19: Descripción | C19: Unidad | D19: Precio-Unit. | E19: Cantidad | F19: Valor-Unit.
A20: GRIFERIA LAVAPLATOS | C20: UN | D20: 63900 | E20: 1 | F20: =+E20*D20 -> 63900
A21: CANASTILLA FLEXIBLE | C21: UN | D21: 35900 | E21: 1 | F21: =+E21*D21 -> 35900
F22: =+E22*D22 -> 0
F23: =+E23*D23 -> 0
F24: =+E24*D24 -> 0
F25: =+E25*D25 -> 0
F26: =+E26*D26 -> 0
F27: =+D27*E27 -> 0
F28: =+D28*E28 -> 0
F29: Sub-Total | G29: =+SUM(F20:F28) -> 99800
A31: III. TRANSPORTES
A32: Material | B32: Vol-peso ó Cant. | C32: Distancia | D32: M3-Km | E32: Tarifa | F32: Valor-Unit.
F37: Sub-Total | G37: =+SUM(F33:F36) -> 0
A38: IV. MANO DE OBRA
A39: Trabajador | B39: HC | C39: Prestaciones | D39: HC Total | E39: Rendimiento | F39: Valor-Unit.
A40: CUADRILLA ALBAÑILERIA (AA) | C40: HC | D40: 41517 | E40: 0.5 | F40: =+D40*E40 -> 20758.5
F41: =+D41*E41 -> 0
F44: Sub-Total | G44: =+SUM(F40:F43) -> 20758.5
D46: Total Costo Directo | G46: =+G17+G29+G37+G44 -> 122634.35

Sheet APU 006
A2: DEPARTAMENTO DE CUNDINAMARCA
A3: MUNICIPIO DE TABIO | C3: ANÁLISIS DE PRECIOS UNITARIOS
A6: MEJORAMIENTO Y/O ADECUACIÓN DE COCINA, AREAS SOCIALES , BAÑOS Y DUCHAS Y TUBERÍA DE TURCOS | D6: ITEM : | E6: CIELORASO PLANO PLACA FIBROCEMENTO 4 MM (INCLUYE PINTURA)
D8: UNIDAD : | E8: M2
A9: I. EQUIPO
A10: Descripción | C10: Tipo | D10: Tarifa/Dia | E10: Rendimiento | F10: Valor-Unit.
A11: IGUAL AL PRECIO DE DRY WALL | F11: 4060.76
F12: =+D12*E12 -> 0
F13: =+D13*E13 -> 0
F14: =+D14*E14 -> 0
F15: =+D15*E15 -> 0
F17: Sub-Total | G17: =SUM(F11:F15) -> 4060.76
A18: II. MATERIALES EN OBRA
A19: Descripción | C19: Unidad | D19: Precio-Unit. | E19: Cantidad | F19: Valor-Unit.
A20: PLACA FIBROCEMENTO 4 MM | C20: M2 | D20: 14549 | E20: 1.05 | F20: =+E20*D20 -> 15276.45
A21: DEMAS MATERIALES IGUAL AL PRECIO EN DRYWALL | F21: 28550.31
F22: =+E22*D22 -> 0
F23: =+E23*D23 -> 0
F24: =+E24*D24 -> 0
F25: =+E25*D25 -> 0
F26: =+E26*D26 -> 0
F27: =+D27*E27 -> 0
F28: =+D28*E28 -> 0
F29: Sub-Total | G29: =+SUM(F20:F28) -> 43826.76
A31: III. TRANSPORTES
A32: Material | B32: Vol-peso ó Cant. | C32: Distancia | D32: M3-Km | E32: Tarifa | F32: Valor-Unit.
F37: Sub-Total | G37: =+SUM(F33:F36) -> 0
A38: IV. MANO DE OBRA
A39: Trabajador | B39: HC | C39: Prestaciones | D39: HC Total | E39: Rendimiento | F39: Valor-Unit.
A40: CUADRILLA CARPINTERIAS (DD) | C40: HC | D40: 61278 | E40: 0.7 | F40: =+D40*E40 -> 42894.6
F41: =+D41*E41 -> 0
F44: Sub-Total | G44: =+SUM(F40:F43) -> 42894.6
D46: Total Costo Directo | G46: =+G17+G29+G37+G44 -> 90782.12

Sheet APU 007
A2: DEPARTAMENTO DE CUNDINAMARCA
A3: MUNICIPIO DE TABIO | C3: ANÁLISIS DE PRECIOS UNITARIOS
A6: MEJORAMIENTO Y/O ADECUACIÓN DE COCINA, AREAS SOCIALES , BAÑOS Y DUCHAS Y TUBERÍA DE TURCOS | D6: ITEM : | E6: Campana en acero inoxidable CL 20 TIPO 304 TIPO ISLA DMS:2.50X1.20X0.60 SIN FILTROS (Incluye suministro e instalación)
D8: UNIDAD : | E8: UN
A9: I. EQUIPO
A10: Descripción | C10: Tipo | D10: Tarifa/Dia | E10: Rendimiento | F10: Valor-Unit.
F11: 0
F12: =+D12*E12 -> 0
F13: =+D13*E13 -> 0
F14: =+D14*E14 -> 0
F15: =+D15*E15 -> 0
F17: Sub-Total | G17: =SUM(F11:F15) -> 0
A18: II. MATERIALES EN OBRA
A19: Descripción | C19: Unidad | D19: Precio-Unit. | E19: Cantidad | F19: Valor-Unit.
A20: Campana en acero inoxidable CL 20 TIPO 304 TIPO ISLA DMS:2.50X1.20X0.60 SIN FILTROS (Incluye suministro e instalación) | C20: UN | D20: =6000000*1.19 -> 7140000 | E20: 1 | F20: =+E20*D20 -> 7140000
F21: =+E21*D21 -> 0
F22: =+E22*D22 -> 0
F23: =+E23*D23 -> 0
F24: =+E24*D24 -> 0
F25: =+E25*D25 -> 0
F26: =+E26*D26 -> 0
F27: =+D27*E27 -> 0
F28: =+D28*E28 -> 0
F29: Sub-Total | G29: =+SUM(F20:F28) -> 7140000
A31: III. TRANSPORTES
A32: Material | B32: Vol-peso ó Cant. | C32: Distancia | D32: M3-Km | E32: Tarifa | F32: Valor-Unit.
F37: Sub-Total | G37: =+SUM(F33:F36) -> 0
A38: IV. MANO DE OBRA
A39: Trabajador | B39: HC | C39: Prestaciones | D39: HC Total | E39: Rendimiento | F39: Valor-Unit.
F40: =+D40*E40 -> 0
F41: =+D41*E41 -> 0
F44: Sub-Total | G44: =+SUM(F40:F43) -> 0
D46: Total Costo Directo | G46: =+G17+G29+G37+G44 -> 7140000

Sheet APU 008
A2: DEPARTAMENTO DE CUNDINAMARCA
A3: MUNICIPIO DE TABIO | C3: ANÁLISIS DE PRECIOS UNITARIOS
A6: MEJORAMIENTO Y/O ADECUACIÓN DE COCINA, AREAS SOCIALES , BAÑOS Y DUCHAS Y TUBERÍA DE TURCOS | D6: ITEM : | E6: Extractor tipo hongo de 20" con un metro de ducto (Incluye suministro e instalación)
D8: UNIDAD : | E8: UN
A9: I. EQUIPO
A10: Descripción | C10: Tipo | D10: Tarifa/Dia | E10: Rendimiento | F10: Valor-Unit.
F11: 0
F12: =+D12*E12 -> 0
F13: =+D13*E13 -> 0
F14: =+D14*E14 -> 0
F15: =+D15*E15 -> 0
F17: Sub-Total | G17: =SUM(F11:F15) -> 0
A18: II. MATERIALES EN OBRA
A19: Descripción | C19: Unidad | D19: Precio-Unit. | E19: Cantidad | F19: Valor-Unit.
A20: Extractor tipo hongo de 20" con un metro de ducto (Incluye suministro e instalación) | C20: UN | D20: =6512605*1.19 -> 7749999.9 | E20: 1 | F20: =+E20*D20 -> 7749999.9
A21: Ducto lamiba galvanizada cal 22 40x40 | C21: UN | D21: =480000*1.19 -> 571200 | E21: 1 | F21: =+E21*D21 -> 571200
A22: Arrancador STAR/STOP | C22: UN | D22: =350000*1.19 -> 416500 | E22: 1 | F22: =+E22*D22 -> 416500
A23: Base para extractor en lamina galvanizada cal 22 | C23: UN | D23: =500000*1.19 -> 595000 | E23: 1 | F23: =+E23*D23 -> 595000
A24: Transporte, Instalacion y Cableado, Tabio Cundinamarca | C24: UN | D24: =3500000*1.19 -> 4165000 | E24: 1 | F24: =+E24*D24 -> 4165000
F25: =+E25*D25 -> 0
F26: =+E26*D26 -> 0
F27: =+D27*E27 -> 0
F28: =+D28*E28 -> 0
F29: Sub-Total | G29: =+SUM(F20:F28) -> 13497700
A31: III. TRANSPORTES
A32: Material | B32: Vol-peso ó Cant. | C32: Distancia | D32: M3-Km | E32: Tarifa | F32: Valor-Unit.
F37: Sub-Total | G37: =+SUM(F33:F36) -> 0
A38: IV. MANO DE OBRA
A39: Trabajador | B39: HC | C39: Prestaciones | D39: HC Total | E39: Rendimiento | F39: Valor-Unit.
F40: =+D40*E40 -> 0
F41: =+D41*E41 -> 0
F44: Sub-Total | G44: =+SUM(F40:F43) -> 0
D46: Total Costo Directo | G46: =+G17+G29+G37+G44 -> 13497700

Sheet APU 009
A2: DEPARTAMENTO DE CUNDINAMARCA
A3: MUNICIPIO DE TABIO | C3: ANÁLISIS DE PRECIOS UNITARIOS
A6: MEJORAMIENTO Y/O ADECUACIÓN DE COCINA, AREAS SOCIALES , BAÑOS Y DUCHAS Y TUBERÍA DE TURCOS | D6: ITEM : | E6: Meson en acero inoxidable CL 20 TIPO 304,patas en tubo redondo y su respectivo entrepaño.DMS:6.05m x0.65m x0.90 de alto (Incluye suministro e instalación)
D8: UNIDAD : | E8: UN
A9: I. EQUIPO
A10: Descripción | C10: Tipo | D10: Tarifa/Dia | E10: Rendimiento | F10: Valor-Unit.
F11: 0
F12: =+D12*E12 -> 0
F13: =+D13*E13 -> 0
F14: =+D14*E14 -> 0
F15: =+D15*E15 -> 0
F17: Sub-Total | G17: =SUM(F11:F15) -> 0
A18: II. MATERIALES EN OBRA
A19: Descripción | C19: Unidad | D19: Precio-Unit. | E19: Cantidad | F19: Valor-Unit.
A20: Meson en acero inoxidable CL 20 TIPO 304,patas en tubo redondo y su respectivo entrepaño.DMS:6.05m x0.65m x0.90 de alto (Incluye suministro e instalación) | C20: UN | D20: =5747500*1.19 -> 6839525 | E20: 1 | F20: =+E20*D20 -> 6839525
F21: =+E21*D21 -> 0
F22: =+E22*D22 -> 0
F23: =+E23*D23 -> 0
F24: =+E24*D24 -> 0
F25: =+E25*D25 -> 0
F26: =+E26*D26 -> 0
F27: =+D27*E27 -> 0
F28: =+D28*E28 -> 0
F29: Sub-Total | G29: =+SUM(F20:F28) -> 6839525
A31: III. TRANSPORTES
A32: Material | B32: Vol-peso ó Cant. | C32: Distancia | D32: M3-Km | E32: Tarifa | F32: Valor-Unit.
F37: Sub-Total | G37: =+SUM(F33:F36) -> 0
A38: IV. MANO DE OBRA
A39: Trabajador | B39: HC | C39: Prestaciones | D39: HC Total | E39: Rendimiento | F39: Valor-Unit.
F40: =+D40*E40 -> 0
F41: =+D41*E41 -> 0
F44: Sub-Total | G44: =+SUM(F40:F43) -> 0
D46: Total Costo Directo | G46: =+G17+G29+G37+G44 -> 6839525

Sheet APU 010
A2: DEPARTAMENTO DE CUNDINAMARCA
A3: MUNICIPIO DE TABIO | C3: ANÁLISIS DE PRECIOS UNITARIOS
A6: MEJORAMIENTO Y/O ADECUACIÓN DE COCINA, AREAS SOCIALES , BAÑOS Y DUCHAS Y TUBERÍA DE TURCOS | D6: ITEM : | E6: Meson de lavado con 2 pocetas en acero inoxidable CL 20 TIPO 304,patas en tubo redondo y su respectivo entrepaño (Incluye suministro e instalación)
D8: UNIDAD : | E8: UN
A9: I. EQUIPO
A10: Descripción | C10: Tipo | D10: Tarifa/Dia | E10: Rendimiento | F10: Valor-Unit.
F11: 0
F12: =+D12*E12 -> 0
F13: =+D13*E13 -> 0
F14: =+D14*E14 -> 0
F15: =+D15*E15 -> 0
F17: Sub-Total | G17: =SUM(F11:F15) -> 0
A18: II. MATERIALES EN OBRA
A19: Descripción | C19: Unidad | D19: Precio-Unit. | E19: Cantidad | F19: Valor-Unit.
A20: Meson de lavado con 2 pocetas en acero inoxidable CL 20 TIPO 304,patas en tubo redondo y su respectivo entrepaño (Incluye suministro e instalación) | C20: UN | D20: =1950000*1.19 -> 2320500 | E20: 1 | F20: =+E20*D20 -> 2320500
F21: =+E21*D21 -> 0
F22: =+E22*D22 -> 0
F23: =+E23*D23 -> 0
F24: =+E24*D24 -> 0
F25: =+E25*D25 -> 0
F26: =+E26*D26 -> 0
F27: =+D27*E27 -> 0
F28: =+D28*E28 -> 0
F29: Sub-Total | G29: =+SUM(F20:F28) -> 2320500
A31: III. TRANSPORTES
A32: Material | B32: Vol-peso ó Cant. | C32: Distancia | D32: M3-Km | E32: Tarifa | F32: Valor-Unit.
F37: Sub-Total | G37: =+SUM(F33:F36) -> 0
A38: IV. MANO DE OBRA
A39: Trabajador | B39: HC | C39: Prestaciones | D39: HC Total | E39: Rendimiento | F39: Valor-Unit.
F40: =+D40*E40 -> 0
F41: =+D41*E41 -> 0
F44: Sub-Total | G44: =+SUM(F40:F43) -> 0
D46: Total Costo Directo | G46: =+G17+G29+G37+G44 -> 2320500

Sheet APU 011
A2: DEPARTAMENTO DE CUNDINAMARCA
A3: MUNICIPIO DE TABIO | C3: ANÁLISIS DE PRECIOS UNITARIOS
A6: MEJORAMIENTO Y/O ADECUACIÓN DE COCINA, AREAS SOCIALES , BAÑOS Y DUCHAS Y TUBERÍA DE TURCOS | D6: ITEM : | E6: Trampa en acero inoxidable cl 20 tipo 304 DMS:0.35x0.40x0.40 (Incluye suministro e instalación)
D8: UNIDAD : | E8: UN
A9: I. EQUIPO
A10: Descripción | C10: Tipo | D10: Tarifa/Dia | E10: Rendimiento | F10: Valor-Unit.
F11: 0
F12: =+D12*E12 -> 0
F13: =+D13*E13 -> 0
F14: =+D14*E14 -> 0
F15: =+D15*E15 -> 0
F17: Sub-Total | G17: =SUM(F11:F15) -> 0
A18: II. MATERIALES EN OBRA
A19: Descripción | C19: Unidad | D19: Precio-Unit. | E19: Cantidad | F19: Valor-Unit.
A20: Trampa en acero inoxidable cl 20 tipo 304 DMS:0.35x0.40x0.40 (Incluye suministro e instalación) | C20: UN | D20: =800000*1.19 -> 952000 | E20: 1 | F20: =+E20*D20 -> 952000
F21: =+E21*D21 -> 0
F22: =+E22*D22 -> 0
F23: =+E23*D23 -> 0
F24: =+E24*D24 -> 0
F25: =+E25*D25 -> 0
F26: =+E26*D26 -> 0
F27: =+D27*E27 -> 0
F28: =+D28*E28 -> 0
F29: Sub-Total | G29: =+SUM(F20:F28) -> 952000
A31: III. TRANSPORTES
A32: Material | B32: Vol-peso ó Cant. | C32: Distancia | D32: M3-Km | E32: Tarifa | F32: Valor-Unit.
F37: Sub-Total | G37: =+SUM(F33:F36) -> 0
A38: IV. MANO DE OBRA
A39: Trabajador | B39: HC | C39: Prestaciones | D39: HC Total | E39: Rendimiento | F39: Valor-Unit.
F40: =+D40*E40 -> 0
F41: =+D41*E41 -> 0
F44: Sub-Total | G44: =+SUM(F40:F43) -> 0
D46: Total Costo Directo | G46: =+G17+G29+G37+G44 -> 952000

Sheet APU 012
A2: DEPARTAMENTO DE CUNDINAMARCA
A3: MUNICIPIO DE TABIO | C3: ANÁLISIS DE PRECIOS UNITARIOS
A6: MEJORAMIENTO Y/O ADECUACIÓN DE COCINA, AREAS SOCIALES , BAÑOS Y DUCHAS Y TUBERÍA DE TURCOS | D6: ITEM : | E6: SISTEMA AIREACION POR MEDIO DE SUMINISTRO E INSTALACION DE BOMBA SUMERGIBLE PARA SISTEMA SOLAR DE 2” INCLUYE PANELES, CABLE PARA ENERGIA SOLAR Y RED HIDRAULICA
D8: UNIDAD : | E8: UN
A9: I. EQUIPO
A10: Descripción | C10: Tipo | D10: Tarifa/Dia | E10: Rendimiento | F10: Valor-Unit.
F11: 0
F12: =+D12*E12 -> 0
F13: =+D13*E13 -> 0
F14: =+D14*E14 -> 0
F15: =+D15*E15 -> 0
F17: Sub-Total | G17: =SUM(F11:F15) -> 0
A18: II. MATERIALES EN OBRA
A19: Descripción | C19: Unidad | D19: Precio-Unit. | E19: Cantidad | F19: Valor-Unit.
A20: SISTEMA AIREACION POR MEDIO DE SUMINISTRO E INSTALACION DE BOMBA SUMERGIBLE PARA SISTEMA SOLAR DE 2” INCLUYE PANELES, CABLE PARA ENERGIA SOLAR Y RED HIDRAULICA | C20: UN | D20: 3481293 | E20: 1 | F20: =+E20*D20 -> 3481293
F21: =+E21*D21 -> 0
F22: =+E22*D22 -> 0
F23: =+E23*D23 -> 0
F24: =+E24*D24 -> 0
F25: =+E25*D25 -> 0
F26: =+E26*D26 -> 0
F27: =+D27*E27 -> 0
F28: =+D28*E28 -> 0
F29: Sub-Total | G29: =+SUM(F20:F28) -> 3481293
A31: III. TRANSPORTES
A32: Material | B32: Vol-peso ó Cant. | C32: Distancia | D32: M3-Km | E32: Tarifa | F32: Valor-Unit.
F37: Sub-Total | G37: =+SUM(F33:F36) -> 0
A38: IV. MANO DE OBRA
A39: Trabajador | B39: HC | C39: Prestaciones | D39: HC Total | E39: Rendimiento | F39: Valor-Unit.
F40: =+D40*E40 -> 0
F41: =+D41*E41 -> 0
F44: Sub-Total | G44: =+SUM(F40:F43) -> 0
D46: Total Costo Directo | G46: =+G17+G29+G37+G44 -> 3481293

Sheet APU 014
A2: DEPARTAMENTO DE CUNDINAMARCA
A3: MUNICIPIO DE TABIO | C3: ANÁLISIS DE PRECIOS UNITARIOS
A6: MEJORAMIENTO Y/O ADECUACIÓN DE COCINA, AREAS SOCIALES , BAÑOS Y DUCHAS Y TUBERÍA DE TURCOS | D6: ITEM : | E6: MANTENIMIENTO DE CALDERAS, INCLUYE 18 ML RED TUBERIA DE COBRE 1/2", ACCESORIOS Y SOLDADURA DE PLATA Y FUNDENTE, Y 10 M DE CINTA DE ALUMINIO
D8: UNIDAD : | E8: UN
A9: I. EQUIPO
A10: Descripción | C10: Tipo | D10: Tarifa/Dia | E10: Rendimiento | F10: Valor-Unit.
F11: 0
F12: =+D12*E12 -> 0
F13: =+D13*E13 -> 0
F14: =+D14*E14 -> 0
F15: =+D15*E15 -> 0
F17: Sub-Total | G17: =SUM(F11:F15) -> 0
A18: II. MATERIALES EN OBRA
A19: Descripción | C19: Unidad | D19: Precio-Unit. | E19: Cantidad | F19: Valor-Unit.
A20: SISTEMA AIREACION POR MEDIO DE SUMINISTRO E INSTALACION DE BOMBA SUMERGIBLE PARA SISTEMA SOLAR DE 2” INCLUYE PANELES, CABLE PARA ENERGIA SOLAR Y RED HIDRAULICA | C20: UN | D20: 3481293 | E20: 1 | F20: =+E20*D20 -> 3481293
F21: =+E21*D21 -> 0
F22: =+E22*D22 -> 0
F23: =+E23*D23 -> 0
F24: =+E24*D24 -> 0
F25: =+E25*D25 -> 0
F26: =+E26*D26 -> 0
F27: =+D27*E27 -> 0
F28: =+D28*E28 -> 0
F29: Sub-Total | G29: =+SUM(F20:F28) -> 3481293
A31: III. TRANSPORTES
A32: Material | B32: Vol-peso ó Cant. | C32: Distancia | D32: M3-Km | E32: Tarifa | F32: Valor-Unit.
F37: Sub-Total | G37: =+SUM(F33:F36) -> 0
A38: IV. MANO DE OBRA
A39: Trabajador | B39: HC | C39: Prestaciones | D39: HC Total | E39: Rendimiento | F39: Valor-Unit.
F40: =+D40*E40 -> 0
F41: =+D41*E41 -> 0
F44: Sub-Total | G44: =+SUM(F40:F43) -> 0
D46: Total Costo Directo | G46: =+G17+G29+G37+G44 -> 3481293

Sheet APU 015
A2: DEPARTAMENTO DE CUNDINAMARCA
A3: MUNICIPIO DE TABIO | C3: ANÁLISIS DE PRECIOS UNITARIOS
A6: MEJORAMIENTO Y/O ADECUACIÓN DE COCINA, AREAS SOCIALES , BAÑOS Y DUCHAS Y TUBERÍA DE TURCOS | D6: ITEM : | E6: SISTEMA INTEGRAL DE SEÑALIZACIÓN SOSTENIBLE GRAN FORMATO
D8: UNIDAD : | E8: UN
A9: I. EQUIPO
A10: Descripción | C10: Tipo | D10: Tarifa/Dia | E10: Rendimiento | F10: Valor-Unit.
A11: Uso de router para fabricación | F11: 90000
A12: Herramienta menor | F12: 10000
F13: =+D13*E13 -> 0
F14: =+D14*E14 -> 0
F15: =+D15*E15 -> 0
F17: Sub-Total | G17: =SUM(F11:F15) -> 100000
A18: II. MATERIALES EN OBRA
A19: Descripción | C19: Unidad | D19: Precio-Unit. | E19: Cantidad | F19: Valor-Unit.
A20: Base en madera natural para señalización | C20: UN | D20: 235000 | E20: 1 | F20: 235000
A21: Elementos gráficos y acabado | C21: GL | D21: 100000 | E21: 1 | F21: =+E21*D21 -> 100000
A22: Insumos de fijación y acabado | C22: GL | D22: 35000 | E22: 1 | F22: =+E22*D22 -> 35000
A23: Diseño gráfico y preparación de archivos | C23: GL | D23: 100000 | E23: 1 | F23: =+E23*D23 -> 100000
F24: =+E24*D24 -> 0
F25: =+E25*D25 -> 0
F26: =+E26*D26 -> 0
F27: =+D27*E27 -> 0
F28: =+D28*E28 -> 0
F29: Sub-Total | G29: =+SUM(F20:F28) -> 470000
A31: III. TRANSPORTES
A32: Material | B32: Vol-peso ó Cant. | C32: Distancia | D32: M3-Km | E32: Tarifa | F32: Valor-Unit.
A33: Transporte de materiales | F33: 65000
F37: Sub-Total | G37: =+SUM(F33:F36) -> 65000
A38: IV. MANO DE OBRA
A39: Trabajador | B39: HC | C39: Prestaciones | D39: HC Total | E39: Rendimiento | F39: Valor-Unit.
A40: Operario de fabricación y router | F40: 180000
A41: Diseñador | F41: 100000
A42: Instalador | F42: 140000
A43: Auxiliar de Instalación | F43: 55000
F44: Sub-Total | G44: =+SUM(F40:F43) -> 475000
D46: Total Costo Directo | G46: =+G17+G29+G37+G44 -> 1110000

Sheet APU 016
A2: DEPARTAMENTO DE CUNDINAMARCA
A3: MUNICIPIO DE TABIO | C3: ANÁLISIS DE PRECIOS UNITARIOS
A6: MEJORAMIENTO Y/O ADECUACIÓN DE COCINA, AREAS SOCIALES , BAÑOS Y DUCHAS Y TUBERÍA DE TURCOS | D6: ITEM : | E6: SISTEMA INTEGRAL DE SEÑALIZACIÓN SOSTENIBLE FORMATO MEDIANO
D8: UNIDAD : | E8: UN
A9: I. EQUIPO
A10: Descripción | C10: Tipo | D10: Tarifa/Dia | E10: Rendimiento | F10: Valor-Unit.
A11: Equipo y Herramienta | F11: 35000
F12: 0
F13: =+D13*E13 -> 0
F14: =+D14*E14 -> 0
F15: =+D15*E15 -> 0
F17: Sub-Total | G17: =SUM(F11:F15) -> 35000
A18: II. MATERIALES EN OBRA
A19: Descripción | C19: Unidad | D19: Precio-Unit. | E19: Cantidad | F19: Valor-Unit.
A20: Materiales, acabado y diseño gráfico | C20: UN | D20: 190000 | E20: 1 | F20: 190000
E21: 1 | F21: =+E21*D21 -> 0
E22: 1 | F22: =+E22*D22 -> 0
E23: 1 | F23: =+E23*D23 -> 0
F24: =+E24*D24 -> 0
F25: =+E25*D25 -> 0
F26: =+E26*D26 -> 0
F27: =+D27*E27 -> 0
F28: =+D28*E28 -> 0
F29: Sub-Total | G29: =+SUM(F20:F28) -> 190000
A31: III. TRANSPORTES
A32: Material | B32: Vol-peso ó Cant. | C32: Distancia | D32: M3-Km | E32: Tarifa | F32: Valor-Unit.
A33: Transporte de materiales | F33: 25000
F37: Sub-Total | G37: =+SUM(F33:F36) -> 25000
A38: IV. MANO DE OBRA
A39: Trabajador | B39: HC | C39: Prestaciones | D39: HC Total | E39: Rendimiento | F39: Valor-Unit.
A40: Operario de fabricación e Instalación | F40: 150000
F44: Sub-Total | G44: =+SUM(F40:F43) -> 150000
D46: Total Costo Directo | G46: =+G17+G29+G37+G44 -> 400000

Sheet APU 017
A2: DEPARTAMENTO DE CUNDINAMARCA
A3: MUNICIPIO DE TABIO | C3: ANÁLISIS DE PRECIOS UNITARIOS
A6: MEJORAMIENTO Y/O ADECUACIÓN DE COCINA, AREAS SOCIALES , BAÑOS Y DUCHAS Y TUBERÍA DE TURCOS | D6: ITEM : | E6: SISTEMA INTEGRAL DE SEÑALIZACIÓN SOSTENIBLE FORMATO PEQUEÑO
D8: UNIDAD : | E8: UN
A9: I. EQUIPO
A10: Descripción | C10: Tipo | D10: Tarifa/Dia | E10: Rendimiento | F10: Valor-Unit.
A11: Equipo y Herramienta | F11: 15000
F12: 0
F13: =+D13*E13 -> 0
F14: =+D14*E14 -> 0
F15: =+D15*E15 -> 0
F17: Sub-Total | G17: =SUM(F11:F15) -> 15000
A18: II. MATERIALES EN OBRA
A19: Descripción | C19: Unidad | D19: Precio-Unit. | E19: Cantidad | F19: Valor-Unit.
A20: Materiales, acabado y diseño gráfico | C20: UN | D20: 90000 | E20: 1 | F20: 90000
E21: 1 | F21: =+E21*D21 -> 0
E22: 1 | F22: =+E22*D22 -> 0
E23: 1 | F23: =+E23*D23 -> 0
F24: =+E24*D24 -> 0
F25: =+E25*D25 -> 0
F26: =+E26*D26 -> 0
F27: =+D27*E27 -> 0
F28: =+D28*E28 -> 0
F29: Sub-Total | G29: =+SUM(F20:F28) -> 90000
A31: III. TRANSPORTES
A32: Material | B32: Vol-peso ó Cant. | C32: Distancia | D32: M3-Km | E32: Tarifa | F32: Valor-Unit.
A33: Transporte de materiales | F33: 15000
F37: Sub-Total | G37: =+SUM(F33:F36) -> 15000
A38: IV. MANO DE OBRA
A39: Trabajador | B39: HC | C39: Prestaciones | D39: HC Total | E39: Rendimiento | F39: Valor-Unit.
A40: Operario de fabricación e Instalación | F40: 60000
F44: Sub-Total | G44: =+SUM(F40:F43) -> 60000
D46: Total Costo Directo | G46: =+G17+G29+G37+G44 -> 180000
